 Dungeon Crawl Stone Soup version 0.25-a0-544-gee0576305d (webtiles) character file.

Game seed: 5528381824153466905, levelgen mode: deterministic

329476 drasked the Executioner (level 20, -2/181 (182) HPs)
             Began as a Minotaur Berserker on Feb 21, 2020.
             Was a High Priest of Trog.
             Splashed by an acid blob's acid (4 damage)
             ... created by the Royal Jelly
             ... while paralysed
             ... on level 5 of the Pits of Slime.
             The game lasted 02:43:28 (62526 turns).

drasked the Executioner (Minotaur Berserker)       Turns: 62526, Time: 02:43:29

HP:   -2/181 (182)  AC: 34    Str: 35      XL:     20   Next: 83%
MP:   15/19         EV:  2    Int:  0 (1)  God:    Trog [*****.]
Gold: 4239          SH:  0    Dex: 12      Spells: 19/19 levels left

rFire    + . .     SeeInvis .   N - +8 executioner's axe of Disgust {flame, MR+}
rCold    + . .     Gourm    +   (shield currently unavailable)
rNeg     . . .     Faith    .   z - +8 plate armour of Butest {rPois rCorr Int-3}
rPois    +         Spirit   .   o - +2 hat {MR+} {MR+}
rElec    +         Reflect  .   Z - +2 cloak {MR+} {MR+}
rCorr    +         Harm     .   x - +1 pair of gloves "Meheeg Olu" {Str+5}
MR       ++++.                  y - +0 pair of boots
Stlth    ..........             L - amulet of the gourmand {Gourm, !d}
HPRegen  0.00/turn              F - ring of protection from fire {rF+, !d}
MPRegen  0.16/turn              I - ring of protection from cold {rC+, !d}

@: paralysed, mighty, corroded, non-regenerating, diseased, hasted and slowed,
lost intelligence
A: retaliatory headbutt, horns 2, blurry vision 2, deterioration 1, dopey 2,
frail 1, screaming 1, electricity resistance
}: 2/15 runes: decaying, serpentine
a: Berserk, Trog's Hand, Brothers in Arms, Renounce Religion


You were on level 5 of the Pits of Slime.
You worshipped Trog.
Trog was extremely pleased with you.
You were hungry.

You visited 8 branches of the dungeon, and saw 40 of its levels.
You also visited: Ossuary and Gauntlet.

You collected 5364 gold pieces.
You spent 1125 gold pieces at shops.

Inventory:

Hand Weapons
 a - a +2 antimagic executioner's axe
   (Trog gifted it to you on level 4 of the Snake Pit)
 N - the +8 executioner's axe of Disgust (weapon) {flame, MR+}
   (Trog gifted it to you on level 2 of the Orcish Mines)

   It has been specially enchanted to burn those struck by it, causing extra
   injury to most foes and up to half again as much damage against particularly
   susceptible opponents.
   Big, fiery blades are also staple armaments of hydra-hunters.
   It affects your resistance to hostile enchantments.
Armour
 o - a +2 hat of magic resistance (worn) {MR+}
   (You found it on level 3 of the Swamp)
 x - the +1 pair of gloves "Meheeg Olu" (worn) {Str+5}
   (You acquired it on level 1 of the Elven Halls)

   It affects your strength (+5).
   If you remove this armour, your AC will decrease by 3 (34 -> 31).
 y - a +0 pair of boots (worn)
   (You found it on level 3 of the Dungeon)
 z - the +8 plate armour of Butest (worn) {rPois rCorr Int-3}
   (You bought it in a shop on level 2 of the Orcish Mines)

   It affects your intelligence (-3).
   It protects you from poison.
   It provides partial protection from all sources of acid and corrosion.
   If you remove this armour, your AC will decrease by 28 (34 -> 6).
 J - the +7 plate armour of Lethargy {rF+}
   (You found it on level 3 of the Elven Halls)

   It protects you from fire.
   If you switch to wearing this armour, your AC will decrease by 1 (34 -> 33).
 U - a scarf of cloud immunity
   (You found it on level 1 of the Dungeon)
 Z - a +2 cloak of magic resistance (worn) {MR+}
   (You took it off Nikola on level 3 of the Snake Pit)
Jewellery
 F - a ring of protection from fire (left hand) {rF+, !d}
   (You took it off a centaur on level 14 of the Dungeon)
 I - a ring of protection from cold (right hand) {rC+, !d}
   (You found it in a Gauntlet)
 L - an amulet of the gourmand (around neck) {Gourm, !d}
   (You found it on level 2 of the Lair of Beasts)
 P - an uncursed ring of positive energy {rN+rN+}
   (You found it on level 6 of the Lair of Beasts)
 S - an uncursed ring of see invisible {sInv, !d}
   (You found it on level 6 of the Lair of Beasts)
Wands
 p - a wand of acid (5)
   (You took it off a wight on level 12 of the Dungeon)
 D - a wand of digging (7)
   (You found it on level 8 of the Dungeon)
 V - a wand of clouds (9)
   (You found it on level 6 of the Lair of Beasts)
Scrolls
 b - 8 scrolls of enchant weapon
 f - 5 scrolls of fog
 g - 6 scrolls of fear
 i - 13 scrolls of identify
 r - 5 scrolls of enchant armour
 s - 9 scrolls of magic mapping {!r!r}
 t - 12 scrolls of teleportation
 w - 21 scrolls of remove curse
 B - 4 scrolls of blinking {!r!r}
 K - 3 scrolls of immolation {!r!r}
 W - 3 scrolls of brand weapon
 X - a scroll of summoning
 Y - a scroll of silence
Potions
 c - a potion of stabbing
 d - a potion of might
 h - 4 potions of haste
 j - 7 potions of flight
 k - 3 potions of invisibility
 l - 10 potions of heal wounds
 m - 3 potions of lignification {!q!q}
 n - a potion of resistance
 q - 11 potions of curing
 u - 14 potions of brilliance
 G - 3 potions of cancellation
 R - a potion of magic
 T - a potion of ambrosia
Miscellaneous
 E - 3 sacks of spiders
 H - 3 phantom mirrors
Comestibles
 e - 56 rations


   Skills:
 + Level 23.0 Fighting
 - Level 26.0 Axes
 + Level 21.5 Armour
 + Level 9.5 Dodging


You had 19 spell levels left.
You didn't know any spells.
Your spell library was empty.

Dungeon Overview and Level Annotations

Branches:
Dungeon (15/15)            Temple (0/1) D:4            Lair (6/6) D:8
  Swamp (4/4) Lair:4        Snake (4/4) Lair:3        Slime (5/5) Lair:5
    Orc (2/2) D:9             Elf (3/3) Orc:2        Vaults (1/5) D:13
 Depths (0/5) D:15        Ossuary (visited)         Gauntlet (visited)

Altars:
Dithmenos
Fedhas
Hepliaklqana
Makhleb
Okawaru
Ru
Uskayaw
Xom
Yredelemnul
Beogh

Shops:
D:10 [   Orc:1 (   Orc:2 %=[:   Elf:2 :   Elf:3 ??

Annotations:
Swamp:2 exclusions: oklob plant and oklob sapling
Snake:2 1 runed translucent door, Hitos's ghost, journeyman DrSu


Innate Abilities, Weirdness & Mutations

You reflexively headbutt those who attack you in melee.
You have a pair of horns on your head.
Scrolls take you longer to read.
Your body sometimes deteriorates upon taking damage.
You are very dopey. (Int -4)
You are frail. (-10% HP)
You occasionally shout uncontrollably at your foes.
You are resistant to electric shocks. (rElec)


Message History

You headbutt the Royal Jelly!
The Royal Jelly shudders vigorously.
The Royal Jelly spits out two more jellies.
The Royal Jelly closely misses you. The eye of draining gazes at you.
You feel your power leaking away.
You cut the Royal Jelly into ribbons!!! You burn the Royal Jelly!!
Your hands burn!
You headbutt the Royal Jelly!! You barely miss the azure jelly.
The Royal Jelly shudders alarmingly.
The Royal Jelly spits out seven more jellies.
You slice the acid blob!! You burn the acid blob.
Your hands burn!
You slash the acid blob! You burn the acid blob.
Your hands burn!
A slime creature comes into view.
The Royal Jelly hits you but does no damage.
The Royal Jelly closely misses you.
You chop the Royal Jelly into pieces!!! You burn the Royal Jelly.
You kill the Royal Jelly!
You feel a strange vibration for a moment.
With an infernal noise, the power ruling this place vanishes!
You feel your strength returning.
Your Fighting skill increases to level 23!
You closely miss the azure jelly.
The dying Royal Jelly spits out two more jellies.
You slice the acid blob!! You burn the acid blob.
Your hands burn!
You barely miss the acid blob. You cut the acid blob into ribbons!!!
You burn the acid blob!
Your hands burn!
The acid blob completely misses you. The azure jelly hits you!
The azure jelly freezes you! You resist.
The azure jelly hits you but does no damage. x3
The acid blob spits acid at you.
The splash of acid hits you but does no damage.
You are splashed with acid!
You resist.
* * * LOW HITPOINT WARNING * * *
You slice the acid blob!! You burn the acid blob!
Your hands burn!
* * * LOW HITPOINT WARNING * * *
You headbutt the acid blob! You slice the acid blob!! You burn the acid blob!
Your hands burn!
* * * LOW HITPOINT WARNING * * *
You slice the acid blob like a ripe choko!!!
You burn the acid blob.
You kill the acid blob!
That felt strangely unrewarding.
You slash the death ooze! You burn the death ooze.
You carve the death ooze like a ham!!! You burn the death ooze!
You destroy the death ooze!
That felt strangely unrewarding.
You closely miss the azure jelly. The acid blob hits you!!
* * * LOW HITPOINT WARNING * * *
Your body deteriorates!
You feel dopey.
You have lost your intelligence.
You are splashed with acid.
You resist.
* * * LOW HITPOINT WARNING * * *
The eye of draining dies!
An azure jelly comes into view.
You feel a strong urge to shout, but you are unable to make a sound!
The acid blob hits you!!
* * * LOW HITPOINT WARNING * * *
The acid corrodes you!
You are splashed with acid.
You resist.
* * * LOW HITPOINT WARNING * * *
The azure jelly hits you but does no damage. x3
The azure jelly hits you.
* * * LOW HITPOINT WARNING * * *
The death ooze hits you but does no damage.
The death ooze hits you.
* * * LOW HITPOINT WARNING * * *
A slime creature comes into view.
The acid blob hits you!
* * * LOW HITPOINT WARNING * * *
You are splashed with acid.
You resist.
* * * LOW HITPOINT WARNING * * *
The acid blob hits you but does no damage.
The azure jelly hits you but does no damage. x2
The azure jelly hits you.
* * * LOW HITPOINT WARNING * * *
The azure jelly hits you but does no damage.
The azure jelly quivers.
The azure jelly hits you but does no damage. x3
The azure jelly hits you.
* * * LOW HITPOINT WARNING * * *
The acid blob hits you!
* * * LOW HITPOINT WARNING * * *
You are splashed with acid.
You resist.
* * * LOW HITPOINT WARNING * * *
The death ooze hits you.
* * * LOW HITPOINT WARNING * * *
You feel ill.
You feel your flesh rotting away!
The death ooze hits you but does no damage.
The death ooze hits your two-headed ogre!
The death ooze hits your two-headed ogre.
The acid blob hits you!
* * * LOW HITPOINT WARNING * * *
You are splashed with acid.
You resist.
* * * LOW HITPOINT WARNING * * *
The acid blob spits acid at you. The splash of acid hits you. You resist.
* * * LOW HITPOINT WARNING * * *
You are splashed with acid.
You resist.
You die...

,,,,,,,,,...............,,,,,,,,,
,,,,,,,,,................,,,,,,,,
,,,,,,,,,................,,,,,,,,
,,,,,,,,,................,,,,,,,,
,,,,,,,,,................,,,,,,,,
,,,,,,,,,................,,,,,,,,
,,,,,,,,,.......J..J.....,,,,,,,,
,,,,,,,,,...GO.JJJJJ.....,,,,,,,,
,,,,,,,,,...JJJJ@JJ......,,,,,,,,
,,,,,,,,,...#####JJ###...,,,,,,,,
,,,,,,,,,..#****#J##**..,,,,,,,,,
,,,,,,,,,.#**,**.J#*,***,,,,,,,,,
,,,,,,,,,***,,,*.##,,,**,,,,,,,,,
,,,,,,,,,**,,,*#.,**,,,**,,,,,,,,
,,,,,,,***,,,,,##,*,,,,,**,,,,,,,
,,^,,,,* *,,,,*#.,**,,,,***,,,,,,
,,,,,,,* **,,*,*,**,*,,** *,,,,,,


You could see 7 acid blobs, 4 azure jellies, 2 slime creatures, a shining eye, 4
death oozes and a friendly two-headed ogre (berserk).

Levels and vault maps discovered:
D:1:      scummos_arrival_star, layout_basic, minmay_heptomino_h4
D:2:      layout_basic, first_ration, uniq_natasha
D:3:      layout_basic
D:4:      minmay_door_path, layout_basic, minmay_temple_entry_slanted,
          serial_undead, serial_undead_f, serial_undead_e, serial_undead_a,
          serial_undead_c, kennysheep_flooded_box, nrook_loot_triangle,
          st_stairs_7, okawaru_trees_1
D:5:      layout_rooms, small_statue_intersection
D:6:      layout_loops_ring, lightli_ossuary_entry_decrepit_ruins,
          chequers_decorated_corner, uniq_eustachio
D:7:      layout_basic, nicolae_dithmenos_through_a_glass_darkly, basic_altar
D:8:      layout_gridville, lair_entry_dummy, basic_altar,
          hangedman_pestilent_swarm
D:9:      layout_roguey, david_orc_5
D:10:     layout_irregular_city, kennysheep_small_circle
D:11:     layout_roguey, hangedman_decor_growths, kennysheep_boxes, uniq_grum
D:12:     minmay_the_grid_octo_tiled_octocenter_mashed
          [minmay_the_grid_octo_checkerflower, minmay_the_grid_octo_empty,
          minmay_the_grid_octo_odd_swirl, minmay_the_grid_octo_clover,
          minmay_the_grid_octo_prize_big_c,
          minmay_the_grid_square_5x5_two_walls_b,
          minmay_the_grid_square_5x5_forky, minmay_the_grid_square_5x5_corner,
          minmay_the_grid_square_5x5_n], layout_grid_maze,
          nicolae_ru_path_of_blood, uniq_nergalle
D:13:     layout_roguey, david_vaults_4, lightli_corner_chamber
D:14:     layout_basic
D:15:     grunt_enter_depths_snipers, layout_loops_ring,
          hangedman_decor_diamond_cutter, nicolae_underground_beach
Lair:1:   layout_regular_city
Lair:2:   layout_chaotic_city, gauntlet_entry_generic, serial_forest,
          infiniplex_forest_clump_small, infiniplex_forest_clump_large,
          infiniplex_forest_clump_curved, infiniplex_forest_lined_ring,
          infiniplex_forest_straight_4, infiniplex_forest_end_double,
          hibernation_bobbens, minmay_lair_oklob_chamber, serial_bayou_shore_b,
          lemuel_fruit_fields
Lair:3:   layout_big_grid, dummy_snake_entry
Lair:4:   cheibrodos_lair_river_kwai, layout_regular_city,
          minmay_swamp_entry_worms, basic_altar, chequers_serial_rivers_micro_a,
          st_stairs_7, zaba_anthell, infiniplex_staircase_pool_2
Lair:5:   layout_cave_pods, minmay_slime_entry_oklob_enclosed
Lair:6:   wormcave, layout_hall_layers, guppyfry_lair_end_dragon
Swamp:1:  layout_basic_swamp, evilmike_swamp_ruin_house_5, uniq_louise
Swamp:2:  nicolae_swamp_phyte_club, layout_basic_swamp, serial_swamp_ruin,
          evilmike_swamp_ruin_rubble_2, evilmike_swamp_ruin_rubble_1,
          evilmike_swamp_ruin_house_6, swamp_pool4
Swamp:3:  layout_falls_marsh, gammafunk_ghost_hydra_chop,
          hangedman_swamp_blocks, uniq_roxanne, uniq_kirke, uniq_aizul
Swamp:4:  swamp_old_school, layout_basic_swamp
Snake:1:  layout_layer_cave
Snake:2:  layout_misc_corridors, ebering_ghost_xom, drop_trap
Snake:3:  layout_rooms, serial_bayou_shore_b, grunt_megastairs_2, uniq_vashnia,
          uniq_nikola
Snake:4:  grunt_snake_rune_spirals, layout_onion, uniq_bai_suzhen
Slime:1:  layout_caves
Slime:2:  layout_caves
Slime:3:  layout_caves
Slime:4:  layout_caves
Slime:5
Orc:1:    layout_caves, portal_ice_cave_demonic_guard, serial_shops,
          nicolae_shop_competitors_out_of_business, bloody_makhleb
Orc:2:    st_orc_pillars, layout_diamond_mine
Elf:1:    elf_arrival_001, layout_loops_cross, minmay_elf_sorcery
Elf:2:    layout_geoelf_grid, serial_shops, shop, lemuel_flamethrower_2,
          uniq_donald
Elf:3:    elf_hall, layout_loops_cross, serial_shops, shop,
          nicolae_shop_behind_doors
Vaults:1: hangedman_vaults_stagger, nicolae_vaults_asterisk,
          hangedman_vaults_stretched_pinwheel, v_misc_31,
          nicolae_vaults_windows_and_doors_thing, vaults_mumra_hexcomb, st_star,
          nicolae_vaults_circle_grid_a, nicolae_vaults_border_crossing,
          ontoclasm_vaults_decontamination, layout_vaults_omnicross

Notes
Turn   | Place    | Note
-------+----------+-------------------------------------------
     0 | D:1      | drasked the Minotaur Berserker began the quest for the Orb.
     0 | D:1      | Reached XP level 1. HP: 19/19 MP: 0/0
     2 | D:1      | Identified a +0 club
   120 | D:1      | Reached skill level 4 in Axes
   220 | D:1      | Reached XP level 2. HP: 27/27 MP: 1/1
   261 | D:1      | Reached skill level 4 in Fighting
   273 | D:1      | Identified a +0 ring mail (You found it on level 1 of the
                  | Dungeon)
   405 | D:1      | Identified a +0 club
   551 | D:1      | Identified a +0 whip
   748 | D:1      | Identified a +0 dagger
   815 | D:2      | Identified a scarf of cloud immunity (You found it on level
                  | 1 of the Dungeon)
   845 | D:2      | Identified a +0 scale mail (You found it on level 2 of the
                  | Dungeon)
   846 | D:2      | Identified a ring of protection from magic (You found it on
                  | level 1 of the Dungeon)
   912 | D:2      | Noticed Natasha
   915 | D:2      | Reached XP level 3. HP: 33/33 MP: 2/2
   935 | D:2      | Killed Natasha
   935 | D:2      | Reached skill level 5 in Axes
  1154 | D:2      | Identified a +0 club
  1157 | D:2      | Identified a +0 whip
  1165 | D:2      | Reached XP level 4. HP: 38/41 MP: 3/3
  1170 | D:2      | Reached ** piety under Trog
  1195 | D:2      | Noticed Natasha
  1200 | D:2      | Killed Natasha
  1528 | D:2      | Identified a +0 club
  1605 | D:2      | Noticed Natasha
  1611 | D:2      | Killed Natasha
  1611 | D:2      | Reached skill level 5 in Fighting
  1611 | D:2      | Reached skill level 6 in Axes
  1611 | D:2      | Reached XP level 5. HP: 48/48 MP: 4/4
  1784 | D:2      | Identified a ring of wizardry (You found it on level 2 of
                  | the Dungeon)
  1980 | D:3      | Identified a +0 leather armour
  2023 | D:3      | Identified a +0 short sword
  2070 | D:3      | Identified a +0 pair of gloves (You found it on level 3 of
                  | the Dungeon)
  3037 | D:4      | Reached *** piety under Trog
  3087 | D:4      | Identified a +0 club
  3087 | D:4      | Identified a +0 chain mail
  3117 | D:4      | Found an iron altar of Okawaru.
  3172 | D:4      | Identified a +0 spear
  3181 | D:4      | Identified a +0 spear
  3183 | D:4      | Identified a +0 halberd
  3188 | D:4      | Reached skill level 7 in Axes
  3188 | D:4      | Reached XP level 6. HP: 38/56 MP: 5/5
  3191 | D:4      | Identified a +0 spear
  3533 | D:4      | Found a hazy altar of Hepliaklqana.
  3579 | D:4      | Found a staircase to the Ecumenical Temple.
  3600 | D:4      | Reached skill level 6 in Fighting
  3606 | D:4      | Identified a +0 pair of boots (You found it on level 3 of
                  | the Dungeon)
  4014 | D:4      | Identified a +0 short sword
  4112 | D:4      | Identified 5 scrolls of identify
  4112 | D:4      | Identified 3 potions of brilliance
  4114 | D:4      | Identified 3 potions of stabbing
  4115 | D:4      | Identified 2 potions of mutation
  4116 | D:4      | Identified a potion of heal wounds
  4119 | D:5      | Entered Level 5 of the Dungeon
  4132 | D:5      | Reached skill level 8 in Axes
  4172 | D:5      | Reached XP level 7. HP: 61/63 MP: 6/6
  4434 | D:5      | Identified a +0 flail
  4434 | D:5      | Identified a cursed -2 ring mail
  4436 | D:5      | Identified a +1 trident of protection
  4436 | D:5      | Identified a +0 chain mail
  4438 | D:5      | Identified a +0 rapier
  4438 | D:5      | Identified a +0 robe
  4440 | D:5      | Identified a +0 hand axe
  4440 | D:5      | Identified a +0 leather armour
  4760 | D:5      | Identified a +0 giant spiked club
  4770 | D:5      | Reached skill level 9 in Axes
  4936 | D:6      | Found a sand-covered staircase.
  4946 | Ossuary  | Entered an ossuary
  4960 | Ossuary  | Reached **** piety under Trog
  5123 | Ossuary  | Reached skill level 7 in Fighting
  5324 | Ossuary  | Reached XP level 8. HP: 64/73 MP: 7/7
  5428 | Ossuary  | Identified a potion of flight
  5429 | Ossuary  | Identified a potion of degeneration
  5446 | D:6      | Identified a +0 whip
  5446 | D:6      | Identified a +0 leather armour
  5455 | D:6      | Identified a +0 rapier
  5455 | D:6      | Identified a +0 leather armour
  5455 | D:6      | Noticed Eustachio
  5461 | D:6      | Identified a +0 short sword
  5461 | D:6      | Identified a +0 plate armour
  5464 | D:6      | Identified a +0 hand axe
  5464 | D:6      | Identified a +0 ring mail
  5466 | D:6      | Identified a +0 dagger
  5466 | D:6      | Identified a +0 robe
  5469 | D:6      | Identified a +2 whip of electrocution
  5472 | D:6      | Killed Eustachio
  5472 | D:6      | Reached ***** piety under Trog
  5472 | D:6      | Received a gift from Trog
  5472 | D:6      | Reached skill level 10 in Axes
  5494 | D:6      | Identified a +4 vorpal executioner's axe (Trog gifted it to
                  | you on level 6 of the Dungeon)
  5495 | D:6      | Identified a +0 hand axe
  5672 | D:6      | Reached skill level 8 in Fighting
  5703 | D:6      | Identified a +0 shortbow
  5731 | D:6      | Identified a +0 hand axe
  5740 | D:6      | Reached skill level 11 in Axes
  5985 | D:6      | Identified a cursed +0 dagger
  5985 | D:6      | Identified a +0 robe
  5986 | D:6      | Identified a cursed -1 trident
  5986 | D:6      | Identified a +0 leather armour
  5989 | D:6      | Identified a cursed -2 dagger
  5989 | D:6      | Identified a +0 robe
  5994 | D:6      | Identified a +0 dagger
  5994 | D:6      | Identified a +0 robe
  5997 | D:6      | Identified a +0 scale mail
  6066 | D:6      | Identified a +2 trident of flaming
  6066 | D:6      | Identified a +0 ring mail
  6068 | D:6      | Identified a +0 ring mail
  6069 | D:6      | Identified a +1 dagger of speed
  6069 | D:6      | Identified a +0 robe
  6268 | D:6      | Identified a +0 giant spiked club
  6415 | D:6      | Reached XP level 9. HP: 82/82 MP: 8/8
  6614 | D:7      | Reached skill level 9 in Fighting
  6632 | D:7      | Identified a +0 dagger
  6632 | D:7      | Identified a +0 robe
  6632 | D:7      | Identified a +0 mace
  6633 | D:7      | Identified a +0 dagger
  6633 | D:7      | Identified a +0 leather armour
  6634 | D:7      | Identified a +0 shortbow
  6634 | D:7      | Identified a +0 mace
  6648 | D:7      | Reached skill level 12 in Axes
  6817 | D:7      | Found a shadowy altar of Dithmenos.
  6981 | D:7      | Found a blossoming altar of Fedhas.
  6988 | D:7      | Identified a cursed -1 giant spiked club
  7153 | D:7      | Identified a +0 hand axe
  7153 | D:7      | Identified a +0 leather armour
  7154 | D:7      | Identified a +0 whip
  7154 | D:7      | Identified a +0 whip
  7157 | D:7      | Identified a +0 whip
  7157 | D:7      | Identified a cursed +0 leather armour
  7158 | D:7      | Identified a +0 hand axe
  7158 | D:7      | Identified a +0 chain mail
  7607 | D:8      | Identified a +0 club
  7607 | D:8      | Identified a +0 hand axe
  7607 | D:8      | Identified a +0 dagger
  7607 | D:8      | Identified a +0 robe
  7607 | D:8      | Identified a +0 leather armour
  7608 | D:8      | Identified a +0 dagger
  7614 | D:8      | Identified a +0 shortbow
  7627 | D:8      | Received a gift from Trog
  7642 | D:8      | Got an ichor-stained war axe {god gift}
  7643 | D:8      | Identified the +7 war axe "Transmigrator" {vorpal, rElec
                  | rN+++ Dex-2} (Trog gifted it to you on level 8 of the
                  | Dungeon)
  7884 | D:8      | Found a basalt altar of Yredelemnul.
  7994 | D:8      | Reached skill level 13 in Axes
  8029 | D:8      | Identified a +0 giant spiked club
  8030 | D:8      | Identified a +0 trident
  8030 | D:8      | Identified a +0 chain mail
  8034 | D:8      | Identified a +0 dagger
  8036 | D:8      | Identified a +1 vampiric war axe
  8036 | D:8      | Identified a +0 ring mail
  8041 | D:8      | Identified a +0 short sword
  8041 | D:8      | Identified a +0 dagger
  8041 | D:8      | Identified a +0 robe
  8044 | D:8      | Reached skill level 10 in Fighting
  8201 | D:8      | Identified a +0 spear
  8201 | D:8      | Identified a +0 club
  8202 | D:8      | Identified a +0 spear
  8202 | D:8      | Identified a cursed +0 scale mail
  8203 | D:8      | Identified a +0 flail
  8204 | D:8      | Identified a +1 spear of flaming
  8204 | D:8      | Identified a +0 ring mail
  8290 | D:8      | Identified a +0 spear
  8290 | D:8      | Identified a cursed -1 club
  8290 | D:8      | Identified a +0 spear
  8543 | D:8      | Identified a +0 shortbow
  8789 | D:8      | Found a staircase to the Lair.
  8894 | D:9      | Reached XP level 10. HP: 94/94 MP: 9/9
  8970 | D:9      | Identified a +0 giant spiked club
  9102 | D:9      | Identified a +0 glaive
  9102 | D:9      | Identified a +0 plate armour
  9102 | D:9      | Identified a +0 halberd
  9102 | D:9      | Identified a +0 chain mail
  9102 | D:9      | Identified a +0 vorpal hand axe
  9102 | D:9      | Identified a +0 leather armour
  9117 | D:9      | Reached skill level 14 in Axes
  9117 | D:9      | Identified a +0 short sword
  9117 | D:9      | Identified a +0 plate armour
  9128 | D:9      | Identified a +0 club
  9128 | D:9      | Identified a +0 leather armour
  9228 | D:9      | Identified a +0 halberd
  9228 | D:9      | Identified a +0 chain mail
  9251 | D:9      | Identified a +0 whip
  9251 | D:9      | Identified a +0 leather armour
  9268 | D:9      | Identified a +0 falchion
  9268 | D:9      | Identified a +0 leather armour
  9277 | D:9      | Identified a +0 hand axe
  9277 | D:9      | Identified a +0 leather armour
  9285 | D:9      | Identified a cursed +0 dagger
  9295 | D:9      | Identified a +0 short sword
  9300 | D:9      | Identified a +0 mace
  9310 | D:9      | Identified a +0 dagger
  9312 | D:9      | Identified a cursed -3 dagger
  9316 | D:9      | Found a roughly hewn altar of Beogh.
  9316 | D:9      | Identified a +0 leather armour
  9317 | D:9      | Identified a +0 dagger
  9317 | D:9      | Identified a +0 chain mail
  9319 | D:9      | Identified a +0 falchion
  9319 | D:9      | Identified a +0 ring mail
  9319 | D:9      | Identified a +1 hand axe of flaming
  9319 | D:9      | Identified a +0 leather armour
  9331 | D:9      | Reached skill level 3 in Armour
  9335 | D:9      | Identified a +0 hand axe
  9335 | D:9      | Identified a +0 plate armour
  9345 | D:9      | Identified a +0 flail
  9359 | D:9      | Found a staircase to the Orcish Mines.
  9359 | D:9      | Identified a +0 war axe
  9447 | D:9      | Identified a +1 vorpal flail
  9447 | D:9      | Identified a +0 leather armour
  9525 | D:9      | Received a gift from Trog
  9530 | D:9      | Reached skill level 11 in Fighting
  9542 | D:9      | Reached skill level 4 in Armour
  9780 | D:9      | Identified a +3 short sword
  9780 | D:9      | Identified a +0 fustibalus
  9780 | D:9      | Identified a +0 ring mail
  9797 | D:9      | Identified a ring of positive energy (You found it on level
                  | 8 of the Dungeon)
  9820 | D:9      | Identified a +0 shortbow
  9887 | D:9      | Identified a +0 shortbow
 10080 | D:9      | Identified a +0 giant spiked club
 10080 | D:9      | Identified a +0 giant club
 10080 | D:9      | Noticed a two-headed ogre
 10084 | D:9      | Killed a two-headed ogre
 10084 | D:9      | Reached skill level 15 in Axes
 10084 | D:9      | Reached skill level 5 in Armour
 10276 | D:10     | Entered Level 10 of the Dungeon
 10381 | D:10     | Identified a +0 ring mail
 10381 | D:10     | Identified a +0 dagger
 10381 | D:10     | Identified a +0 robe
 10381 | D:10     | Identified a +0 flail
 10382 | D:10     | Identified a +0 mace
 10382 | D:10     | Identified a +1 leather armour of fire resistance
 10573 | D:10     | Identified a +0 dagger
 10573 | D:10     | Identified a +0 ring mail
 10573 | D:10     | Identified a +0 hand axe
 10574 | D:10     | Identified a +0 dagger
 10574 | D:10     | Identified a cursed +0 robe
 10574 | D:10     | Identified a +0 flail of draining
 10646 | D:10     | Identified a +0 leather armour
 10653 | D:10     | Identified a +0 dagger
 10653 | D:10     | Identified a +0 robe
 10658 | D:10     | Identified a +0 mace
 10658 | D:10     | Identified a +0 leather armour
 10905 | D:10     | Identified a +0 flail
 10907 | D:10     | Identified a +0 flail
 10908 | D:10     | Identified a +0 hand axe
 10908 | D:10     | Identified a +0 scale mail
 10909 | D:10     | Identified a +0 flail
 10909 | D:10     | Identified a +0 ring mail
 10910 | D:10     | Identified a +0 hand axe
 10958 | D:10     | Reached XP level 11. HP: 104/104 MP: 10/10
 11102 | D:10     | Reached skill level 6 in Armour
 11213 | D:10     | Found Hawoss Jomm's Antique Armour Shop.
 11213 | D:10     | Identified a +0 dire flail of draining
 11213 | D:10     | Identified a +0 giant spiked club
 11213 | D:10     | Noticed a two-headed ogre
 11226 | D:10     | Killed a two-headed ogre
 11322 | D:10     | Bought a polished chain mail for 285 gold pieces
 11332 | D:10     | Identified the +7 chain mail of the Teacher {rPois rF-
                  | Int+2 Dex+2} (You bought it in a shop on level 10 of the
                  | Dungeon)
 11497 | D:11     | Identified a +0 shortbow
 11503 | D:11     | Identified a +0 shortbow
 11504 | D:11     | Identified a +0 shortbow
 11505 | D:11     | Identified a +0 shortbow
 11512 | D:11     | Identified a cursed -3 shortbow
 11549 | D:11     | Killed an unseen horror
 11549 | D:11     | Reached skill level 12 in Fighting
 11830 | D:11     | Identified a +3 battleaxe of flaming (Trog gifted it to you
                  | on level 9 of the Dungeon)
 11841 | D:11     | Noticed a green ugly thing
 11851 | D:11     | Killed a green ugly thing
 11917 | D:11     | Reached skill level 16 in Axes
 11932 | D:11     | Identified a +0 shortbow
 11935 | D:11     | meem: I'm meem, an infobot run by MalcolmRoseGaming: Type
                  | !submeem to keep me in your games; !nomeem to shut me up
                  | forever; !meem for help; !whymeem if you want to know why
                  | meem exists. Visit http://youtube.com/malcolmrosegaming for
                  | more DCSS content.
 11942 | D:11     | Noticed a cyan ugly thing
 11942 | D:11     | Identified a +2 flail of holy wrath
 11950 | D:11     | Killed a cyan ugly thing
 11950 | D:11     | Reached skill level 7 in Armour
 12177 | D:11     | Identified a +0 dire flail
 12177 | D:11     | Identified a +0 plate armour
 12181 | D:11     | Identified a +0 dagger
 12187 | D:11     | Identified a +0 hand axe
 12187 | D:11     | Identified a +0 scale mail
 12406 | D:11     | Identified a +0 shortbow
 12411 | D:11     | Received a gift from Trog
 12415 | D:11     | Identified a +2 broad axe (Trog gifted it to you on level
                  | 11 of the Dungeon)
 12475 | D:11     | Identified a cursed +0 halberd
 12475 | D:11     | Identified a +0 robe
 12475 | D:11     | Identified a +4 morningstar
 12475 | D:11     | Identified a +0 robe
 12500 | D:11     | Identified a +2 morningstar
 12500 | D:11     | Identified a +0 robe
 12613 | D:11     | Identified a +0 flail
 12613 | D:11     | Identified a +0 leather armour
 12613 | D:11     | Identified a +4 scimitar of freezing
 12613 | D:11     | Identified a +0 robe
 12613 | D:11     | Identified a +4 long sword
 12613 | D:11     | Identified a +0 robe
 12795 | D:11     | Identified a +1 glaive
 12795 | D:11     | Identified a cursed +0 animal skin
 12795 | D:11     | Noticed Grum
 12805 | D:11     | Killed Grum
 12901 | D:12     | HP: 23/105 [barbs]
 13271 | D:12     | Identified a cursed +0 short sword
 13271 | D:12     | Identified a +0 robe
 13271 | D:12     | Identified a +3 scimitar
 13271 | D:12     | Identified a +0 robe
 13271 | D:12     | Identified a +0 falchion
 13271 | D:12     | Identified a +0 robe
 13271 | D:12     | Identified a +4 battleaxe
 13271 | D:12     | Identified a +0 robe
 13271 | D:12     | Identified a cursed +0 spear
 13271 | D:12     | Identified a +0 robe
 13323 | D:12     | Identified a +0 great sword
 13323 | D:12     | Identified a +0 chain mail
 13323 | D:12     | Noticed an orc knight
 13334 | D:12     | Paralysed by a hornet for 3 turns
 13339 | D:12     | Reached skill level 8 in Armour
 13350 | D:12     | Killed an orc knight
 13391 | D:12     | Identified a +0 long sword
 13391 | D:12     | Identified a +3 leather armour of positive energy
 13391 | D:12     | Identified a cursed ring of teleportation
 13391 | D:12     | Noticed a skeletal warrior
 13421 | D:12     | Killed a skeletal warrior
 13684 | D:12     | Identified a +0 hand axe
 13684 | D:12     | Identified a +0 leather armour
 13695 | D:12     | Identified a +0 club
 13695 | D:12     | Identified a +0 leather armour
 13695 | D:12     | Noticed a deep elf mage
 13704 | D:12     | Identified a +0 chain mail
 13704 | D:12     | Identified a +0 shortbow
 13710 | D:12     | Noticed a sun demon
 13715 | D:12     | Reached skill level 17 in Axes
 14037 | D:11     | Killed a deep elf mage
 14037 | D:11     | Reached XP level 12. HP: 113/113 MP: 11/11
 14293 | D:12     | Identified a +0 dire flail
 14293 | D:12     | Identified a +0 giant spiked club
 14293 | D:12     | Noticed a two-headed ogre
 14301 | D:12     | Killed a two-headed ogre
 14301 | D:12     | Reached skill level 13 in Fighting
 14410 | D:12     | Identified a +0 giant spiked club
 14607 | D:12     | Identified a +4 ring of strength
 14639 | D:12     | Found a sacrificial altar of Ru.
 14678 | D:12     | Reached skill level 9 in Armour
 14679 | D:12     | Identified a +0 trident
 14679 | D:12     | Identified a +0 chain mail
 14710 | D:12     | Identified a +0 falchion
 14710 | D:12     | Identified a +0 scimitar of holy wrath
 14710 | D:12     | Identified a +0 robe
 14710 | D:12     | Noticed an ogre mage
 14711 | D:12     | Identified a +0 dagger
 14711 | D:12     | Identified a +0 robe
 14867 | D:12     | Received a gift from Trog
 14940 | D:12     | Identified a +0 dagger
 14941 | D:12     | Identified a +0 short sword
 14941 | D:12     | Identified a cursed +0 scale mail
 14941 | D:12     | Identified a +0 ring mail
 14942 | D:12     | Identified a cursed -1 club
 14942 | D:12     | Identified a +0 whip
 14943 | D:12     | Identified a +0 spear
 14947 | D:12     | Identified a +0 long sword
 15187 | Lair:1   | Entered Level 1 of the Lair of Beasts
 15938 | Lair:1   | Noticed a six-headed hydra
 15946 | Lair:1   | Killed a four-headed hydra
 15946 | Lair:1   | Reached skill level 18 in Axes
 16156 | Lair:1   | Reached skill level 10 in Armour
 16489 | Lair:2   | Identified 5 scrolls of enchant armour
 16490 | Lair:2   | Identified 16 scrolls of remove curse
 16491 | Lair:2   | Identified 3 scrolls of fog
 16492 | Lair:2   | Identified a scroll of random uselessness
 16493 | Lair:2   | Identified 2 scrolls of immolation
 16494 | Lair:2   | Identified 2 scrolls of enchant weapon
 16495 | Lair:2   | Identified 6 scrolls of amnesia
 16496 | Lair:2   | Identified 5 scrolls of fear
 16497 | Lair:2   | Identified 2 scrolls of blinking
 16498 | Lair:2   | Identified 3 scrolls of magic mapping
 16499 | Lair:2   | Identified 5 scrolls of teleportation
 16699 | Lair:2   | Found a gate leading to a gauntlet.
 16740 | Gauntlet | Entered a Gauntlet
 16740 | Gauntlet | Found a transporter.
 16750 | Gauntlet | Found a transporter.
 16764 | Gauntlet | Found a transporter.
 16766 | Gauntlet | Found a large runed translucent door.
 16766 | Gauntlet | Found a large runed translucent door.
 16767 | Gauntlet | Found a large runed translucent door.
 16767 | Gauntlet | Found a large runed translucent door.
 16768 | Gauntlet | Found a large runed translucent door.
 16768 | Gauntlet | Found a large runed translucent door.
 16768 | Gauntlet | Found a runed translucent door.
 16768 | Gauntlet | Found a runed translucent door.
 16768 | Gauntlet | Found a large runed translucent door.
 16769 | Gauntlet | Found a transporter.
 16783 | Gauntlet | Noticed a great orb of eyes
 16784 | Gauntlet | Found a transporter.
 16799 | Gauntlet | Found a large runed translucent door.
 16800 | Gauntlet | Found a large runed translucent door.
 16801 | Gauntlet | Found a large runed translucent door.
 16801 | Gauntlet | Found a large runed translucent door.
 16802 | Gauntlet | Found a runed translucent gate.
 16803 | Gauntlet | Found a transporter.
 16803 | Gauntlet | Found a runed translucent gate.
 16804 | Gauntlet | Found a runed translucent gate.
 16805 | Gauntlet | Found a large runed translucent door.
 16805 | Gauntlet | Found a large runed translucent door.
 16806 | Gauntlet | Found a large runed translucent door.
 16807 | Gauntlet | Found a large runed translucent door.
 16812 | Gauntlet | Identified a +2 flail of draining
 16815 | Gauntlet | Found a transporter.
 16815 | Gauntlet | Noticed a catoblepas
 16817 | Gauntlet | Identified a +0 flail
 16827 | Gauntlet | Found a transporter.
 16827 | Gauntlet | Noticed a dire elephant
 16830 | Gauntlet | Identified a cursed +0 flail
 16832 | Gauntlet | Found a transporter.
 16832 | Gauntlet | Found a transporter.
 16836 | Gauntlet | Found a transporter.
 16857 | Gauntlet | Found a transporter.
 16857 | Gauntlet | Noticed a hell hog
 16859 | Gauntlet | Found the ring of the Octopus King
 16869 | Gauntlet | Found a transporter.
 16886 | Gauntlet | Found a transporter.
 16903 | Gauntlet | Found a transporter.
 16905 | Gauntlet | Found a transporter.
 16932 | Gauntlet | Found a transporter.
 16954 | Gauntlet | Found a transporter.
 17030 | Gauntlet | Found a large runed translucent door.
 17162 | Gauntlet | Reached skill level 14 in Fighting
 17177 | Gauntlet | Identified a ring of protection from cold (You found it in
                  | a Gauntlet)
 17178 | Gauntlet | Identified an amulet of the gourmand (You found it on level
                  | 2 of the Lair of Beasts)
 17212 | Gauntlet | Identified a potion of cancellation
 17213 | Gauntlet | Identified 2 potions of haste
 17214 | Gauntlet | Identified 2 potions of might
 17215 | Gauntlet | Identified a potion of invisibility
 17357 | Gauntlet | Reached XP level 13. HP: 100/124 MP: 12/12
 17376 | Gauntlet | Got a ring of the Octopus King
 17383 | Gauntlet | Got a wavering steel ring
 17385 | Gauntlet | Identified a ring of the Octopus King {MP+9 AC+1 EV+1 Str+1
                  | Int+1 Dex+1} (You found it in a Gauntlet)
 17387 | Gauntlet | Identified the ring of Ysagippof {*Drain rElec rPois rC-
                  | MR+} (You found it in a Gauntlet)
 17388 | Gauntlet | drasked: ?? drain
 17388 | Gauntlet | meem: drain[1/4]: Reduces your skills until you gain more
                  | XP (no long-term effect). Press m to see how much your
                  | skills got drained. A potion of experience does not end the
                  | effect.
 17388 | Gauntlet | beem: drain[1/4]: Reduces your skills until you gain more
                  | XP (no long-term effect). Press m to see how much your
                  | skills got drained. A potion of experience does not end the
                  | effect.
 17388 | Gauntlet | drasked: ?? *drain
 17388 | Gauntlet | meem: *drain[1/1]: A randart property which drains you
                  | (ignoring rN) when you unequip it.
 17388 | Gauntlet | beem: *drain[1/1]: A randart property which drains you
                  | (ignoring rN) when you unequip it.
 17572 | Gauntlet | Identified the +11 glaive of Defilement {elec, rF+ rC+
                  | Int+7 Dex-2}
 17572 | Gauntlet | Identified a +4 shortbow of flaming
 17572 | Gauntlet | Identified the +5 ring mail "Puhiwn" {Int+4}
 17572 | Gauntlet | Noticed a minotaur
 17583 | Gauntlet | Killed a minotaur
 18214 | Lair:2   | Identified a ring of stealth (You found it on level 2 of
                  | the Lair of Beasts)
 18511 | Lair:3   | Found a staircase to the Snake Pit.
 18719 | Lair:3   | Reached skill level 19 in Axes
 19024 | Lair:3   | Reached skill level 11 in Armour
 19531 | Lair:4   | Found a staircase to the Swamp.
 19583 | Lair:4   | Received a gift from Trog
 19609 | Lair:4   | Identified a +2 antimagic executioner's axe (Trog gifted it
                  | to you on level 4 of the Lair of Beasts)
 19687 | Lair:4   | Noticed an entropy weaver
 20026 | Lair:3   | Identified 2 scrolls of noise
 20027 | Lair:3   | Identified a scroll of torment
 20669 | Lair:4   | Noticed an entropy weaver
 20678 | Lair:4   | Killed an entropy weaver
 21062 | Lair:4   | Found a hide-covered altar of Uskayaw.
 21293 | Lair:4   | Reached skill level 15 in Fighting
 21475 | Lair:4   | Killed an entropy weaver
 21604 | Lair:4   | HP: 29/126 [nine-headed hydra (8)]
 21996 | Lair:5   | Reached skill level 20 in Axes
 21996 | Lair:5   | Reached skill level 12 in Armour
 22056 | Lair:5   | Found the +7 captain's cutlass {speed, disarm}
 22330 | Lair:5   | Reached XP level 14. HP: 135/135 MP: 13/13
 22452 | Lair:5   | Found the +9 staff of Olgreb {rPois∞}
 22988 | Lair:6   | Entered Level 6 of the Lair of Beasts
 23047 | Lair:6   | Received a gift from Trog
 24459 | Lair:6   | Identified +0 swamp dragon scales
 24886 | Lair:6   | Found a runed translucent door.
 25033 | Lair:6   | Reached skill level 13 in Armour
 25329 | Lair:6   | Reached skill level 21 in Axes
 25334 | Lair:6   | Received a gift from Trog
 25922 | Lair:6   | Reached skill level 16 in Fighting
 26233 | Lair:6   | Identified a scroll of summoning
 26235 | Lair:6   | Identified a ring of see invisible (You found it on level 6
                  | of the Lair of Beasts)
 26239 | Lair:6   | Identified a potion of ambrosia
 26240 | Lair:6   | Identified a potion of resistance
 26241 | Lair:6   | Identified 3 potions of magic
 26508 | Orc:1    | Entered Level 1 of the Orcish Mines
 26508 | Orc:1    | Found a burning altar of Makhleb.
 26508 | Orc:1    | Identified a +0 mace
 26508 | Orc:1    | Identified a +0 war axe
 26508 | Orc:1    | Identified a +0 plate armour
 26508 | Orc:1    | Identified a cursed +0 glaive
 26508 | Orc:1    | Identified a +0 chain mail
 26508 | Orc:1    | Identified a +0 broad axe
 26508 | Orc:1    | Identified a +0 plate armour
 26508 | Orc:1    | Identified a +0 mace
 26508 | Orc:1    | Identified a +0 chain mail
 26529 | Orc:1    | Identified a +0 giant club
 26531 | Orc:1    | Identified a +0 long sword
 26531 | Orc:1    | Identified a +0 plate armour
 26532 | Orc:1    | Identified a +0 short sword
 26536 | Orc:1    | Identified a +0 club
 26537 | Orc:1    | Identified a +0 dagger
 26537 | Orc:1    | Identified a cursed +0 robe
 26537 | Orc:1    | Identified a +0 hand axe
 26537 | Orc:1    | Identified a +0 dagger
 26537 | Orc:1    | Identified a +0 robe
 26537 | Orc:1    | Identified a +0 mace
 26537 | Orc:1    | Identified a +1 chain mail of cold resistance
 26543 | Orc:1    | Identified a +0 scimitar
 26543 | Orc:1    | Identified a +0 chain mail
 26547 | Orc:1    | Identified a +0 dagger
 26547 | Orc:1    | Identified a +0 robe
 26548 | Orc:1    | Identified a +0 leather armour
 26549 | Orc:1    | Identified a +0 giant club
 26550 | Orc:1    | Identified a +0 halberd of protection
 26550 | Orc:1    | Identified a +0 chain mail
 26554 | Orc:1    | Identified a +0 war axe
 26554 | Orc:1    | Identified a +0 chain mail
 26554 | Orc:1    | Identified a +0 glaive
 26554 | Orc:1    | Identified a +0 plate armour
 26555 | Orc:1    | Identified a +0 hand axe
 26555 | Orc:1    | Identified a +0 chain mail
 26556 | Orc:1    | Identified a +0 whip
 26556 | Orc:1    | Identified a +0 ring mail
 26556 | Orc:1    | Identified a +0 dagger
 26556 | Orc:1    | Identified a +0 robe
 26560 | Orc:1    | Identified a +0 dagger
 26560 | Orc:1    | Identified a +1 falchion of holy wrath
 26568 | Orc:1    | Identified a +0 dagger
 27026 | Orc:1    | Identified a +0 club
 27026 | Orc:1    | Identified a +0 scale mail
 27032 | Orc:1    | Identified a +0 chain mail
 27048 | Orc:1    | Identified a +0 long sword
 27048 | Orc:1    | Identified a +0 chain mail
 27157 | Orc:2    | Entered Level 2 of the Orcish Mines
 27159 | Orc:2    | Identified a +0 giant club
 27164 | Orc:2    | Identified a +0 giant club
 27168 | Orc:1    | Found Taorurph's Weapon Shop.
 27168 | Orc:1    | Identified a +0 giant spiked club
 27168 | Orc:1    | Identified a +0 dagger
 27168 | Orc:1    | Identified a +0 leather armour
 27168 | Orc:1    | Identified a +0 dagger
 27168 | Orc:1    | Identified a +0 leather armour
 27168 | Orc:1    | Identified a +3 dagger of holy wrath
 27168 | Orc:1    | Identified a +0 robe
 27168 | Orc:1    | Identified a +0 dagger
 27168 | Orc:1    | Identified a +0 robe
 27168 | Orc:1    | Identified a +0 giant spiked club
 27168 | Orc:1    | Identified a +0 giant club
 27496 | Orc:2    | Identified a +0 giant spiked club
 27899 | Orc:1    | Identified a +0 broad axe
 27899 | Orc:1    | Identified a +0 plate armour
 27925 | Orc:1    | Identified a +0 scale mail
 27925 | Orc:1    | Identified a +0 dagger
 27930 | Orc:1    | Identified a +0 dagger
 28280 | Orc:2    | Identified a +0 giant club
 28286 | Orc:2    | Found a staircase to the Elven Halls.
 28381 | Orc:2    | Identified a +1 vampiric war axe
 28383 | Orc:2    | Identified a +0 giant club
 28389 | Orc:2    | Identified a +0 hand axe
 28392 | Orc:2    | Identified a +0 whip
 28392 | Orc:2    | Identified a +0 leather armour
 28393 | Orc:2    | Identified a +0 whip
 28402 | Orc:2    | Identified a +0 battleaxe
 28402 | Orc:2    | Identified a +0 chain mail
 28403 | Orc:2    | Identified a +0 leather armour
 28408 | Orc:2    | Identified a +0 dagger
 28408 | Orc:2    | Identified a +2 robe of magic resistance
 28410 | Orc:2    | Identified a +0 halberd
 28410 | Orc:2    | Identified a +0 plate armour
 28413 | Orc:2    | Received a gift from Trog
 28419 | Orc:2    | Identified a +0 club
 28419 | Orc:2    | Identified a +0 hand axe
 28419 | Orc:2    | Identified a +0 leather armour
 28429 | Orc:2    | Identified a +0 whip
 28429 | Orc:2    | Identified a +0 scale mail
 28434 | Orc:2    | Identified a +0 flail
 28434 | Orc:2    | Identified a +0 plate armour
 28443 | Orc:2    | Identified a +0 war axe
 28443 | Orc:2    | Identified a +0 chain mail
 28445 | Orc:2    | Identified a +0 hand axe
 28445 | Orc:2    | Identified a +0 chain mail
 28446 | Orc:2    | Identified a +0 trident
 28514 | Orc:2    | Identified a +0 scale mail
 28522 | Orc:2    | Identified a +0 flail
 28571 | Orc:2    | Identified a +0 hand axe
 28580 | Orc:2    | Identified a +0 dagger
 28580 | Orc:2    | Identified a +0 leather armour
 28589 | Orc:2    | Identified a +0 flail
 28589 | Orc:2    | Identified a +0 plate armour
 28597 | Orc:2    | Identified a +0 mace
 28597 | Orc:2    | Identified a +0 chain mail
 28597 | Orc:2    | Identified a +0 club
 28599 | Orc:2    | Identified a +0 dagger
 28599 | Orc:2    | Identified a +0 robe
 28600 | Orc:2    | Identified a +0 flail
 28604 | Orc:2    | Identified a +0 leather armour
 28605 | Orc:2    | Identified a +0 short sword
 28605 | Orc:2    | Identified a +0 leather armour
 28606 | Orc:2    | Identified a +0 scale mail
 28607 | Orc:2    | Identified a +0 trident
 28608 | Orc:2    | Identified a +0 hand axe
 28608 | Orc:2    | Identified a +0 scale mail
 28613 | Orc:2    | Identified a +0 glaive
 28613 | Orc:2    | Identified a cursed +0 chain mail
 28614 | Orc:2    | Identified a +0 hand axe
 28615 | Orc:2    | Identified a +0 hand axe
 28617 | Orc:2    | Identified a +0 falchion
 28620 | Orc:2    | Identified a +0 whip
 28620 | Orc:2    | Identified a +0 leather armour
 28624 | Orc:2    | Identified a +0 flail
 28624 | Orc:2    | Identified a +0 leather armour
 28626 | Orc:2    | Identified a +0 whip
 28626 | Orc:2    | Identified a +0 leather armour
 28627 | Orc:2    | Identified a +2 vorpal hand axe
 28628 | Orc:2    | Identified a +0 short sword
 28630 | Orc:2    | Identified a +2 vampiric short sword
 28630 | Orc:2    | Identified a +0 plate armour
 28654 | Orc:2    | Identified a +0 short sword
 28670 | Orc:2    | Identified a +0 flail
 28778 | Orc:2    | Identified a +0 mace
 28778 | Orc:2    | Identified a +0 ring mail
 28778 | Orc:2    | Identified a +3 flail
 28854 | Orc:2    | Identified a +0 club
 28854 | Orc:2    | Identified a +0 leather armour
 28921 | Orc:2    | Identified a +0 whip
 28921 | Orc:2    | Identified a +0 leather armour
 28926 | Orc:2    | Identified a +0 long sword
 28926 | Orc:2    | Identified a +0 chain mail
 29013 | Orc:2    | Identified a +0 hand axe
 29102 | Orc:2    | Identified a +0 mace
 29102 | Orc:2    | Identified a +0 scale mail
 29121 | Orc:2    | Identified a +0 club
 29123 | Orc:2    | Identified a +0 club
 29123 | Orc:2    | Identified a +0 chain mail
 29131 | Orc:2    | Identified a +1 war axe
 29131 | Orc:2    | Identified a +0 plate armour
 29301 | Orc:2    | Identified a +0 hand axe
 29301 | Orc:2    | Identified a +0 scale mail
 29305 | Orc:2    | Identified a +0 club
 29348 | Orc:2    | Identified a +0 battleaxe
 29351 | Orc:2    | Identified a +0 trident
 29355 | Orc:2    | Reached XP level 15. HP: 145/145 MP: 14/14
 29356 | Orc:2    | Identified a +2 mace of protection
 29356 | Orc:2    | Identified a +0 trident
 29356 | Orc:2    | Identified a +0 leather armour
 29360 | Orc:2    | Identified a +0 hand axe
 29360 | Orc:2    | Identified a +0 chain mail
 29363 | Orc:2    | Identified a +0 hand axe
 29363 | Orc:2    | Identified a +0 chain mail
 29378 | Orc:2    | Identified a +0 dire flail
 29378 | Orc:2    | Identified a +0 plate armour
 29391 | Orc:2    | Identified a +0 club
 29394 | Orc:2    | Identified a +0 trident
 29394 | Orc:2    | Identified a +0 plate armour
 29403 | Orc:2    | Identified a +0 dire flail
 29403 | Orc:2    | Identified a +0 chain mail
 29416 | Orc:2    | Identified a +0 vorpal glaive
 29416 | Orc:2    | Identified a +0 leather armour
 29418 | Orc:2    | Identified a cursed -3 halberd
 29418 | Orc:2    | Identified a +0 plate armour
 29420 | Orc:2    | Identified a +0 hand axe
 29420 | Orc:2    | Identified a +0 chain mail
 29420 | Orc:2    | Identified a +3 scimitar
 29420 | Orc:2    | Identified a +0 chain mail
 29421 | Orc:2    | Identified a +0 battleaxe
 29421 | Orc:2    | Identified a +2 arbalest of flaming
 29421 | Orc:2    | Identified a +0 plate armour
 29421 | Orc:2    | Identified a +0 club
 29422 | Orc:2    | Identified a +0 long sword
 29422 | Orc:2    | Identified a +0 chain mail
 29423 | Orc:2    | Identified a +0 long sword of freezing
 29423 | Orc:2    | Identified a +0 plate armour
 29423 | Orc:2    | Identified a +1 war axe of draining
 29423 | Orc:2    | Identified a +0 plate armour
 29424 | Orc:2    | Identified a +0 glaive
 29424 | Orc:2    | Identified a +0 chain mail
 29425 | Orc:2    | Identified a +0 glaive
 29425 | Orc:2    | Identified a +0 chain mail
 29426 | Orc:2    | Identified a +0 war axe
 29426 | Orc:2    | Identified a +0 plate armour
 29427 | Orc:2    | Identified a +0 scimitar
 29429 | Orc:2    | HP: 22/145 [orc warrior/+3 scimitar (33)]
 29811 | Orc:2    | Identified a +0 morningstar
 29831 | Orc:2    | Identified a +1 executioner's axe of flaming (Trog gifted
                  | it to you on level 2 of the Orcish Mines)
 30014 | Orc:2    | Identified a +0 hand axe
 30014 | Orc:2    | Identified a +0 plate armour
 30022 | Orc:2    | Identified a +1 morningstar of holy wrath
 30022 | Orc:2    | Identified a +0 chain mail
 30040 | Orc:2    | HP: 35/145 [orc warrior/+3 scimitar (11)]
 30383 | Orc:2    | Identified a +0 trident
 30383 | Orc:2    | Identified a +0 plate armour
 30390 | Orc:2    | Identified a +0 mace
 30390 | Orc:2    | Identified a +0 scale mail
 30394 | Orc:2    | Identified a +0 long sword
 30394 | Orc:2    | Identified a +0 plate armour
 30483 | Orc:2    | Received a gift from Trog
 30486 | Orc:2    | Got a fine executioner's axe {god gift}
 30487 | Orc:2    | Identified the +8 executioner's axe of Disgust {flame, MR+}
                  | (Trog gifted it to you on level 2 of the Orcish Mines)
 30602 | Orc:2    | Identified a cursed -3 flail
 30602 | Orc:2    | Identified a +0 plate armour
 30757 | Orc:2    | Identified a +0 short sword
 30757 | Orc:2    | Identified a cursed +0 plate armour
 31096 | Orc:2    | Found Puutye's Jewellery Shop.
 31099 | Orc:2    | Found Gamera's Antique Armour Boutique.
 31100 | Orc:2    | Found Koipsieb's Food Shop.
 31101 | Orc:2    | Found Syacs's Book Shop.
 31105 | Orc:2    | Bought a faintly humming plate armour for 840 gold pieces
 31414 | D:12     | Identified a +0 giant club
 31525 | D:12     | Reached skill level 22 in Axes
 31772 | D:12     | Identified a +0 dagger
 32011 | D:12     | Identified a +0 dagger
 32011 | D:12     | Identified a +0 robe
 32011 | D:12     | Noticed Nergalle
 32019 | D:12     | Killed Nergalle
 32039 | D:12     | Identified a +0 shortbow
 32039 | D:12     | Identified a +0 robe
 32063 | D:12     | Identified the +8 plate armour of Butest {rPois rCorr
                  | Int-3} (You bought it in a shop on level 2 of the Orcish
                  | Mines)
 32426 | D:13     | Identified a +3 long sword
 32426 | D:13     | Identified a +0 plate armour
 32429 | D:13     | Identified a +0 short sword
 32429 | D:13     | Identified a +0 ring mail
 32432 | D:13     | Identified a +0 short sword
 32432 | D:13     | Identified a +0 chain mail
 32505 | D:13     | Identified a +0 dagger
 32595 | D:13     | Identified a cursed -3 long sword
 32667 | D:13     | Identified a +0 long sword
 32667 | D:13     | Identified a +0 robe
 32675 | D:13     | Received a gift from Trog
 32780 | D:13     | Identified a +0 whip
 32780 | D:13     | Identified a +0 leather armour
 32891 | D:13     | Identified a +0 longbow
 32891 | D:13     | Identified a +0 shortbow
 33088 | D:13     | Identified a +0 shortbow
 33088 | D:13     | Identified a +0 shortbow
 33090 | D:13     | Identified a +0 shortbow
 33090 | D:13     | Identified a +0 glaive
 33090 | D:13     | Identified a +0 chain mail
 33091 | D:13     | Identified a +0 glaive
 33092 | D:13     | Identified a +0 shortbow
 33093 | D:13     | Identified a +0 shortbow
 33096 | D:13     | Identified a +0 shortbow
 33109 | D:13     | HP: 34/145 [phantasmal warrior[a death knight] (18)]
 33110 | D:13     | HP: 15/145 [phantasmal warrior[a death knight] (14)]
 33262 | D:12     | Identified a +0 spear
 33262 | D:12     | Identified a +0 scale mail
 33728 | D:13     | Identified a +0 dagger
 33728 | D:13     | Identified a +0 robe
 33846 | D:13     | Found a gate to the Vaults.
 33879 | D:13     | Identified a +0 shortbow
 33879 | D:13     | Identified a +0 shortbow
 33879 | D:13     | Identified a +0 shortbow
 33884 | D:13     | Reached skill level 23 in Axes
 34094 | D:14     | Identified a cursed -3 shortbow
 34153 | D:14     | Identified a +0 giant club
 34277 | D:14     | Identified a +1 shortbow of freezing
 34426 | D:14     | Identified a +0 shortbow
 34427 | D:14     | Identified a +0 shortbow
 34427 | D:14     | Identified an uncursed ring of protection from fire
 34431 | D:14     | Identified a +0 shortbow
 34438 | D:14     | Received a gift from Trog
 34555 | D:14     | Identified a +2 shortbow of flaming
 34673 | D:14     | Identified a +0 shortbow
 34759 | D:14     | Identified a +0 giant club
 34765 | D:14     | Identified a +0 giant spiked club
 34765 | D:14     | Identified a +0 dire flail
 34766 | D:14     | Identified a +0 whip
 34766 | D:14     | Identified a +0 robe
 34767 | D:14     | Identified a +0 giant club
 34769 | D:14     | Identified a +0 giant club
 34769 | D:14     | Identified a cursed +0 giant club
 34770 | D:14     | Identified a +0 giant club
 34770 | D:14     | Identified a +0 giant club
 34827 | D:14     | Identified a +0 troll leather armour
 35280 | D:14     | Identified a +0 longbow
 35282 | D:14     | Identified a cursed -3 shortbow
 35521 | D:14     | Received a gift from Trog
 35536 | D:14     | Reached XP level 16. HP: 123/152 MP: 15/15
 35935 | D:15     | Entered Level 15 of the Dungeon
 35935 | D:15     | Identified a +3 trident
 35935 | D:15     | Identified a +0 robe
 35952 | D:15     | Identified a +4 great sword of freezing
 35952 | D:15     | Identified a +0 robe
 35961 | D:15     | Identified a cursed +3 trident
 35961 | D:15     | Identified a +0 robe
 35976 | D:15     | Identified a cursed +0 flail
 35976 | D:15     | Identified a +0 robe
 36013 | D:15     | Reached skill level 24 in Axes
 36449 | D:15     | Identified a +0 shortbow
 36562 | D:15     | Identified a +0 shortbow
 36565 | D:15     | Identified a +0 great sword
 36565 | D:15     | Identified a +0 chain mail
 36702 | D:15     | Identified a +0 arbalest
 36704 | D:15     | Identified a cursed -3 shortbow
 36713 | D:15     | Found a staircase to the Depths.
 37150 | D:15     | Identified a +0 giant club
 37150 | D:15     | Identified a +0 giant spiked club
 37150 | D:15     | Identified a +0 giant club
 37150 | D:15     | Identified a +0 robe
 37150 | D:15     | Identified a +0 giant spiked club
 37151 | D:15     | Identified a +0 giant spiked club
 37151 | D:15     | Identified a +0 giant spiked club
 37152 | D:15     | Identified a +0 giant spiked club
 37331 | D:15     | Identified a +0 long sword
 38003 | Swamp:1  | Entered Level 1 of the Swamp
 38023 | Swamp:1  | Identified +0 swamp dragon scales
 38233 | Swamp:1  | Identified a +5 morningstar of holy wrath
 38233 | Swamp:1  | Identified a +0 chain mail
 38233 | Swamp:1  | Identified a +0 tower shield
 38233 | Swamp:1  | Noticed Louise
 38241 | Swamp:1  | Identified +0 swamp dragon scales
 38252 | Swamp:1  | Killed Louise
 38775 | Swamp:1  | Received a gift from Trog
 38826 | Swamp:1  | Reached skill level 25 in Axes
 39046 | Swamp:2  | Identified a +0 spear
 39049 | Swamp:2  | Identified a +0 spear
 39151 | Swamp:2  | Identified a +0 spear
 39279 | Swamp:2  | Identified a +0 spear
 40516 | Swamp:2  | Noticed a thorn hunter
 40525 | Swamp:2  | Killed a thorn hunter
 40537 | Swamp:2  | Received a gift from Trog
 41037 | Swamp:2  | Noticed a thorn hunter
 41044 | Swamp:2  | Killed a thorn hunter
 41237 | Swamp:2  | Identified a ring of attention (You found it on level 15 of
                  | the Dungeon)
 41246 | Swamp:2  | Identified a scroll of brand weapon
 41348 | Swamp:3  | Identified a +0 hat of magic resistance (You found it on
                  | level 3 of the Swamp)
 41641 | Swamp:3  | Noticed Aizul
 41660 | Swamp:3  | Killed Aizul
 41977 | Swamp:3  | Noticed Kirke
 41998 | Swamp:3  | Killed Kirke
 41998 | Swamp:3  | Reached skill level 26 in Axes
 42046 | Swamp:3  | Found a runed translucent gate.
 42047 | Swamp:3  | Found a runed translucent gate.
 42164 | Swamp:3  | Found a runed translucent gate.
 42166 | Swamp:3  | Noticed Saephueh's ghost (adept FoFi)
 42178 | Swamp:3  | Reached skill level 14 in Armour
 42190 | Swamp:3  | Killed Saephueh's ghost
 42345 | Swamp:3  | Noticed Roxanne
 42715 | Swamp:3  | Killed Roxanne
 42715 | Swamp:3  | Reached XP level 17. HP: 160/160 MP: 16/16
 42745 | Swamp:3  | Identified 3 potions of lignification
 42747 | Swamp:4  | Entered Level 4 of the Swamp
 42985 | Swamp:4  | Identified a +0 spear
 42985 | Swamp:4  | Identified a +0 buckler
 42997 | Swamp:4  | Identified a +0 spear
 43006 | Swamp:4  | Reached skill level 17 in Fighting
 43227 | Swamp:4  | Received a gift from Trog
 43482 | Swamp:4  | Noticed the 27-headed Lernaean hydra
 43489 | Swamp:4  | Killed the 23-headed Lernaean hydra
 43499 | Swamp:4  | Identified +0 swamp dragon scales
 43505 | Swamp:4  | Identified +0 swamp dragon scales
 43666 | Swamp:4  | Identified +0 swamp dragon scales
 43763 | Swamp:4  | Identified +0 swamp dragon scales
 43763 | Swamp:4  | Reached skill level 15 in Armour
 44070 | Swamp:4  | Got a decaying rune of Zot
 44522 | Snake:1  | Entered Level 1 of the Snake Pit
 44522 | Snake:1  | Identified a +2 glaive of venom
 44532 | Snake:1  | Identified a +0 scimitar
 44684 | Snake:1  | Identified a +0 whip of venom
 44684 | Snake:1  | Identified a +0 robe
 44687 | Snake:1  | Identified a +0 spear
 44687 | Snake:1  | Identified a +0 robe
 44709 | Snake:1  | Identified a +0 spear
 44709 | Snake:1  | Identified a +0 robe
 45092 | Snake:1  | Received a gift from Trog
 45095 | Snake:1  | Identified a +0 battleaxe
 45095 | Snake:1  | Identified a +0 flail
 45109 | Snake:1  | Identified a +0 robe
 45112 | Snake:1  | Identified a +0 war axe
 45117 | Snake:1  | Reached skill level 18 in Fighting
 45123 | Snake:1  | Identified a +0 glaive
 45123 | Snake:1  | Identified a +2 robe of magic resistance
 45161 | Snake:1  | Identified a +0 dire flail
 45164 | Snake:1  | Identified a +0 spear
 45252 | Snake:1  | Identified a +0 halberd
 45337 | Snake:1  | Identified a +0 scimitar
 45337 | Snake:1  | Identified a +0 robe
 45403 | Snake:1  | Identified a ring of dexterity (You found it on level 1 of
                  | the Snake Pit)
 45447 | Snake:1  | Identified a +0 short sword
 45452 | Snake:1  | Identified a scroll of silence
 45606 | Snake:1  | Identified a +0 long sword
 45763 | Snake:1  | Identified a +2 shortbow of flaming
 45928 | Snake:2  | Identified a +0 whip
 45928 | Snake:2  | Identified a +0 robe
 45934 | Snake:2  | Reached skill level 16 in Armour
 45995 | Snake:2  | Identified a +0 flail
 45997 | Snake:2  | Identified a +0 halberd
 46074 | Snake:2  | Identified a +0 dire flail
 46075 | Snake:2  | Identified a +0 mace
 46075 | Snake:2  | Identified a +0 shortbow
 46079 | Snake:2  | Identified a +0 glaive
 46082 | Snake:2  | Identified a +2 halberd of venom
 46369 | Snake:2  | Identified a +0 war axe
 46373 | Snake:2  | Identified a +0 rapier
 46373 | Snake:2  | Identified a +0 robe
 46384 | Snake:2  | Identified a +0 war axe
 46384 | Snake:2  | Identified a +0 arbalest
 46496 | Snake:2  | Identified a +0 dire flail
 46525 | Snake:2  | Identified a +0 halberd
 46528 | Snake:2  | Identified a +0 long sword
 46528 | Snake:2  | Identified a +0 robe
 46529 | Snake:2  | Identified a +0 trident
 46529 | Snake:2  | Identified a +0 arbalest
 46529 | Snake:2  | Identified a +0 robe
 46571 | Snake:2  | Identified a +0 battleaxe
 46571 | Snake:2  | Identified a +0 dire flail
 46645 | Snake:2  | Identified a +3 scimitar of venom
 46645 | Snake:2  | Identified a +0 robe
 46649 | Snake:2  | Identified a +0 scimitar
 46649 | Snake:2  | Identified a +0 longbow
 46649 | Snake:2  | Identified a cursed -2 robe
 46655 | Snake:2  | Received a gift from Trog
 46828 | Snake:2  | Identified a +0 spear
 46828 | Snake:2  | Identified a +0 robe
 46981 | Snake:2  | Identified a +0 spear
 46981 | Snake:2  | Identified a +0 robe
 47050 | Snake:2  | Found a shimmering altar of Xom.
 47050 | Snake:2  | Noticed Hitos's ghost (journeyman DrSu)
 47050 | Snake:2  | Identified a +1 scimitar of chaos
 47053 | Snake:2  | Found a runed translucent door.
 47131 | Snake:3  | Identified a +3 dagger of venom
 47131 | Snake:3  | Identified a +0 robe
 47152 | Snake:3  | Identified a +0 spear
 47152 | Snake:3  | Identified a +0 robe
 47176 | Snake:3  | HP: 29/166 [nagaraja/bolt of poison (13)]
 47612 | Snake:3  | Identified a +1 rapier of electrocution
 47612 | Snake:3  | Identified a +1 cloak of magic resistance
 47612 | Snake:3  | Identified a +0 pair of gloves
 47612 | Snake:3  | Noticed Nikola
 47621 | Snake:3  | Killed Nikola
 47621 | Snake:3  | Reached XP level 18. HP: 174/174 MP: 17/17
 47683 | Snake:3  | Identified a +1 scimitar of holy wrath
 47683 | Snake:3  | Identified a +2 arbalest of flaming
 47683 | Snake:3  | Identified a +0 naga barding of cold resistance
 47683 | Snake:3  | Noticed Vashnia
 47683 | Snake:3  | Identified a +0 hand axe
 47683 | Snake:3  | Identified a +0 arbalest
 47691 | Snake:3  | Identified a +0 glaive
 47691 | Snake:3  | Identified a -2 longbow
 47692 | Snake:3  | Identified a +0 flail
 47692 | Snake:3  | Identified a +0 shortbow
 47701 | Snake:3  | Identified a +0 trident
 47701 | Snake:3  | Identified a +2 shortbow of freezing
 47701 | Snake:3  | Identified a +0 robe
 47704 | Snake:3  | HP: 35/174 [naga sharpshooter/arrow[Vashnia] (10)]
 47706 | Snake:3  | HP: 9/174 [naga sharpshooter/bolt[Vashnia] (16)]
 47706 | Snake:3  | HP: 2/174 [naga sharpshooter/arrow[Vashnia] (7)]
 47711 | Snake:3  | HP: 37/174 [Vashnia/bolt (10)]
 47715 | Snake:3  | Killed Vashnia
 47715 | Snake:3  | Reached skill level 19 in Fighting
 47719 | Snake:2  | HP: 41/176 [poisoned by a naga sharpshooter (splash of
                  | poison)]
 48024 | Snake:3  | Reached skill level 17 in Armour
 48271 | Snake:3  | Identified a cursed -2 halberd
 48310 | Snake:3  | Identified a +0 scimitar
 48369 | Snake:3  | Identified a +0 glaive
 48390 | Snake:3  | Identified a +0 battleaxe
 48391 | Snake:3  | Identified a +0 dire flail
 48392 | Snake:3  | Identified a +0 halberd
 48392 | Snake:3  | Identified a +2 mace of draining
 48392 | Snake:3  | Identified a +0 robe
 48393 | Snake:3  | Identified a +0 mace
 48394 | Snake:3  | Identified a +0 halberd
 48394 | Snake:3  | Identified a +0 long sword
 48396 | Snake:3  | Identified a +0 long sword
 48396 | Snake:3  | Identified a +0 robe
 48399 | Snake:3  | Identified a +0 short sword
 48404 | Snake:3  | Identified a +3 trident
 48412 | Snake:3  | HP: 40/176 [naga warrior/+0 halberd (7)]
 48417 | Snake:3  | HP: 27/176 [poisoned by a naga (splash of poison)]
 48924 | Snake:3  | Identified a +0 trident
 48924 | Snake:3  | Identified a +0 robe
 48924 | Snake:3  | Identified a +0 kite shield
 48926 | Snake:3  | Identified a +0 shortbow of flaming
 48927 | Snake:3  | Identified a +0 hand axe
 49208 | Snake:4  | Entered Level 4 of the Snake Pit
 49263 | Snake:4  | Identified a +0 halberd
 49265 | Snake:4  | Identified a +0 robe
 49266 | Snake:4  | Identified a +0 scimitar
 49267 | Snake:4  | Identified a cursed +0 mace
 49484 | Snake:4  | Identified a +0 shortbow of flaming
 49493 | Snake:4  | Identified a +0 battleaxe
 49493 | Snake:4  | Identified a +0 robe
 49563 | Snake:4  | Identified a +0 scimitar
 49563 | Snake:4  | Identified a +0 long sword
 49564 | Snake:4  | Identified a +0 quarterstaff
 49564 | Snake:4  | Noticed Bai Suzhen
 49565 | Snake:4  | Identified a +0 halberd
 49569 | Snake:4  | Identified a +0 short sword of venom
 49569 | Snake:4  | Identified a +0 tower shield
 49578 | Snake:4  | Identified a +0 spear
 49578 | Snake:4  | Identified a +0 robe
 49579 | Snake:4  | Received a gift from Trog
 49580 | Snake:4  | Killed Bai Suzhen
 49585 | Snake:4  | Identified a +1 long sword of electrocution
 49585 | Snake:4  | Identified a +0 whip
 49585 | Snake:4  | Identified a +0 robe
 49587 | Snake:4  | Identified a +0 hand axe
 49587 | Snake:4  | Identified a +0 robe
 49589 | Snake:4  | Identified a +0 dagger of venom
 49589 | Snake:4  | Identified a +0 robe
 49590 | Snake:4  | Identified a +0 broad axe
 49590 | Snake:4  | Identified a cursed +0 robe
 49591 | Snake:4  | Identified a +0 robe
 49598 | Snake:4  | Identified a +0 halberd
 49599 | Snake:4  | Identified a +0 dire flail
 49599 | Snake:4  | Identified a +0 robe
 49601 | Snake:4  | Identified a +0 halberd
 49601 | Snake:4  | Identified a +0 robe
 49611 | Snake:4  | HP: 44/178 [poisoned by a naga ritualist (toxic radiance)]
 49616 | Snake:4  | HP: 36/178 [poisoned by a naga ritualist (splash of
                  | poison)]
 49617 | Snake:4  | Identified a +0 robe
 49623 | Snake:4  | Identified a +0 long sword
 49623 | Snake:4  | Identified a +0 halberd
 49623 | Snake:4  | Identified a +0 robe
 49624 | Snake:4  | HP: 42/178 [nagaraja (11)]
 49630 | Snake:4  | HP: 36/178 [poisoned by a naga ritualist (splash of
                  | poison)]
 49670 | Snake:4  | HP: 37/178 [naga/+0 halberd (11)]
 49675 | Snake:4  | HP: 37/178 [naga/+0 halberd (1)]
 49679 | Snake:4  | HP: 13/178 [naga warrior/+0 long sword (9)]
 49680 | Snake:4  | Reached skill level 18 in Armour
 49684 | Snake:4  | HP: 11/178 [poisoned by a naga (splash of poison)]
 49692 | Snake:4  | HP: 12/178 [poisoned by a naga (splash of poison)]
 50149 | Snake:4  | Identified a +0 battleaxe
 50149 | Snake:4  | Identified a +0 mace
 50151 | Snake:4  | Identified a +0 battleaxe
 50155 | Snake:4  | Identified a +0 dire flail
 50155 | Snake:4  | Identified a +0 robe
 50156 | Snake:4  | Identified a +0 flail
 50156 | Snake:4  | Identified a +0 arbalest
 50156 | Snake:4  | Identified a +0 robe
 50176 | Snake:4  | Reached skill level 20 in Fighting
 50185 | Snake:4  | Identified a +0 battleaxe
 50215 | Snake:4  | Identified a +0 glaive
 50215 | Snake:4  | Identified a +0 arbalest
 50215 | Snake:4  | Identified a +0 robe
 50449 | Snake:4  | Identified a +0 flail
 50449 | Snake:4  | Identified a +0 glaive
 50450 | Snake:4  | Identified a +0 scimitar
 50475 | Snake:4  | Identified a +0 long sword
 50477 | Snake:4  | Identified a +0 glaive of protection
 50477 | Snake:4  | Identified a +0 dire flail of protection
 50477 | Snake:4  | Identified a +0 longbow
 50477 | Snake:4  | Identified a +0 robe
 50485 | Snake:4  | Identified a +0 war axe
 50485 | Snake:4  | Identified a +0 robe
 50485 | Snake:4  | Identified a +0 flail
 50485 | Snake:4  | Identified a +0 robe
 50486 | Snake:4  | Identified a +0 scimitar of venom
 50486 | Snake:4  | Identified a +0 robe
 50730 | Snake:4  | Identified a +2 antimagic executioner's axe (Trog gifted it
                  | to you on level 4 of the Snake Pit)
 50746 | Snake:4  | Identified a +0 scimitar
 50746 | Snake:4  | Identified a +0 robe
 50761 | Snake:4  | Identified a +4 hand axe
 50761 | Snake:4  | Identified a +0 robe
 50925 | Snake:4  | Identified a +0 battleaxe of flaming
 50925 | Snake:4  | Identified a +0 robe
 50949 | Snake:4  | Identified a +0 battleaxe
 50949 | Snake:4  | Identified a +0 robe
 51106 | Snake:4  | Identified a cursed +0 mace
 51107 | Snake:4  | Identified a +0 dire flail
 51169 | Snake:4  | Identified a cursed -1 hand axe
 51169 | Snake:4  | Identified a +0 battleaxe
 51172 | Snake:4  | Identified a +0 long sword
 51172 | Snake:4  | Identified a +0 robe
 51188 | Snake:4  | Identified a +0 flail
 51251 | Snake:4  | Identified a +0 trident
 51255 | Snake:4  | Identified a +0 robe
 51388 | Snake:4  | Identified a +0 mace
 51392 | Snake:4  | Identified a +0 hand axe
 51396 | Snake:4  | Identified a +0 broad axe
 51396 | Snake:4  | Identified a +0 battleaxe
 51398 | Snake:4  | Identified a +0 battleaxe
 51398 | Snake:4  | Identified a +0 robe
 51424 | Snake:4  | Identified a +0 scimitar of venom
 51424 | Snake:4  | Identified a +0 robe
 51468 | Snake:4  | Identified a +0 glaive
 51474 | Snake:4  | Identified a +0 dire flail
 51479 | Snake:4  | Identified a +0 glaive
 51480 | Snake:4  | Received a gift from Trog
 51482 | Snake:4  | Identified a +0 scimitar
 51483 | Snake:4  | Identified a +0 dire flail
 51484 | Snake:4  | Identified a +1 dagger of venom
 51484 | Snake:4  | Identified a +0 robe
 51484 | Snake:4  | Identified a +0 battleaxe
 51487 | Snake:4  | Identified a +4 scimitar of venom
 51487 | Snake:4  | Identified a +0 robe
 51503 | Snake:4  | Identified a +0 flail of protection
 51503 | Snake:4  | Identified a +0 shortbow
 51505 | Snake:4  | Identified a +1 hand axe of venom
 51505 | Snake:4  | Identified a +0 kite shield
 51508 | Snake:4  | Identified a +0 short sword
 51517 | Snake:4  | Identified a +0 glaive
 51517 | Snake:4  | Identified a +0 robe
 51520 | Snake:4  | Identified a +0 club
 51520 | Snake:4  | Identified a +0 robe
 51524 | Snake:4  | Identified a +0 halberd
 51534 | Snake:4  | HP: 37/180 [naga warrior/+0 halberd (10)]
 51541 | Snake:4  | HP: 43/180 [poisoned by a naga warrior]
 51701 | Snake:4  | Identified a +0 scimitar
 51755 | Snake:4  | Identified a +0 club
 51755 | Snake:4  | Identified a +0 robe
 51916 | Snake:4  | Identified a +0 robe
 52257 | Snake:4  | Identified a +0 trident
 52257 | Snake:4  | Identified a +0 robe
 52277 | Snake:4  | Identified a +0 short sword
 52277 | Snake:4  | Identified a cursed +0 halberd
 52279 | Snake:4  | Identified a +0 short sword
 52279 | Snake:4  | Identified a +0 shortbow
 52279 | Snake:4  | Identified a +0 robe
 52281 | Snake:4  | Identified a +0 war axe
 52281 | Snake:4  | Identified a +0 mace
 52293 | Snake:4  | Identified a +0 trident
 52295 | Snake:4  | Identified a +0 battleaxe
 52295 | Snake:4  | Identified a +0 arbalest
 52295 | Snake:4  | Identified a +0 robe
 52338 | Snake:4  | Identified a +0 hand axe
 52338 | Snake:4  | Identified a cursed -1 kite shield
 52377 | Snake:4  | Identified a +0 robe
 52402 | Snake:4  | Identified a +0 war axe
 52402 | Snake:4  | Identified a cursed +0 robe
 52420 | Snake:4  | Identified a +0 short sword
 52422 | Snake:4  | Identified a +0 long sword
 52479 | Snake:4  | Identified a +0 robe
 52481 | Snake:4  | Identified a +0 battleaxe
 52484 | Snake:4  | Reached XP level 19. HP: 139/187 MP: 18/18
 52618 | Snake:4  | Identified a +0 long sword
 52618 | Snake:4  | Identified a +0 arbalest
 52621 | Snake:4  | Identified a +0 dire flail
 52621 | Snake:4  | Identified a +0 longbow
 52621 | Snake:4  | Identified a +0 robe
 52622 | Snake:4  | Identified a +3 halberd
 52622 | Snake:4  | Identified a +0 longbow
 52628 | Snake:4  | Identified a +0 mace
 52629 | Snake:4  | Identified a +0 scimitar
 52629 | Snake:4  | Identified a +0 robe
 52635 | Snake:4  | Reached skill level 19 in Armour
 52639 | Snake:4  | Identified a +0 long sword
 52675 | Snake:4  | Identified a +0 robe
 52685 | Snake:4  | Got a serpentine rune of Zot
 52904 | Snake:4  | Identified a +0 robe
 52932 | Snake:4  | Identified a +0 trident
 52938 | Snake:4  | Received a gift from Trog
 52971 | Snake:4  | Identified a +0 long sword
 53325 | Vaults:1 | Entered Level 1 of the Vaults
 53371 | Vaults:1 | Identified a +0 longbow
 53372 | Vaults:1 | Identified a +1 dagger of speed
 53372 | Vaults:1 | Identified a +0 robe
 53372 | Vaults:1 | Identified a +0 spear
 53372 | Vaults:1 | Identified a +0 robe
 53372 | Vaults:1 | Identified a +0 arbalest
 53375 | Vaults:1 | Identified a +0 rapier
 53392 | Vaults:1 | Identified a +0 rapier of draining
 53392 | Vaults:1 | Identified a +0 longbow
 53392 | Vaults:1 | Identified a +6 ring of protection
 53396 | Vaults:1 | Identified a +2 battleaxe of freezing
 53396 | Vaults:1 | Identified a +0 arbalest
 53409 | Vaults:1 | Reached skill level 21 in Fighting
 53411 | Vaults:1 | HP: 40/189 [frost giant/bolt of cold (28)]
 54096 | Elf:1    | Entered Level 1 of the Elven Halls
 54104 | Elf:1    | Identified a +0 rapier
 54104 | Elf:1    | Identified a +0 leather armour
 54104 | Elf:1    | Identified a +0 rapier
 54104 | Elf:1    | Identified a +0 scale mail
 54117 | Elf:1    | Identified a cursed +0 rapier
 54118 | Elf:1    | Identified a +0 shortbow
 54127 | Elf:1    | Identified a +0 short sword
 54127 | Elf:1    | Identified a +0 leather armour
 54170 | Elf:1    | Identified a +0 dagger
 54170 | Elf:1    | Identified a +0 scale mail
 54353 | Elf:1    | Identified a scroll of holy word
 54369 | Elf:1    | Identified a +0 dagger
 54388 | Elf:1    | Identified a cursed -2 short sword
 54393 | Elf:1    | Identified a +3 amulet of reflection
 54476 | Elf:1    | Identified a +2 vorpal hand axe
 54486 | Elf:1    | Identified a +0 short sword
 54490 | Elf:1    | Identified a +0 long sword
 54497 | Elf:1    | Identified a +0 long sword
 54525 | Elf:1    | Identified a +0 rapier
 54525 | Elf:1    | Identified a +0 ring mail
 54525 | Elf:1    | Identified a +0 dagger of venom
 54526 | Elf:1    | Identified a +0 short sword
 54526 | Elf:1    | Identified a +0 leather armour
 54526 | Elf:1    | Identified a +0 long sword
 54526 | Elf:1    | Identified a +0 leather armour
 54528 | Elf:1    | Identified a +0 dagger
 54528 | Elf:1    | Identified a +0 leather armour
 54531 | Elf:1    | Identified a +0 long sword
 54677 | Elf:1    | Identified a +1 flail of venom
 54752 | Elf:1    | Identified a +0 short sword
 54752 | Elf:1    | Noticed a deep elf sorcerer
 54760 | Elf:1    | Killed a deep elf sorcerer
 54931 | Elf:1    | Received a gift from Trog
 54933 | Elf:1    | Identified a scroll of acquirement
 54933 | Elf:1    | Identified the +1 pair of gloves "Meheeg Olu" {Str+5} (You
                  | acquired it on level 1 of the Elven Halls)
 54933 | Elf:1    | Identified an uncursed ring of ice (You acquired it on
                  | level 1 of the Elven Halls)
 55042 | Elf:1    | Identified a +0 short sword
 55044 | Elf:1    | Identified a +0 long sword
 55045 | Elf:1    | Identified a +0 long sword
 55047 | Elf:1    | Identified a +0 vorpal long sword
 55047 | Elf:1    | Identified a +0 chain mail
 55047 | Elf:1    | Identified a +0 morningstar
 55047 | Elf:1    | Identified a +0 scale mail
 55048 | Elf:1    | Identified a +0 short sword
 55048 | Elf:1    | Identified a cursed -2 short sword
 55048 | Elf:1    | Identified a +0 leather armour
 55153 | Elf:1    | Identified a +0 short sword
 55153 | Elf:1    | Identified a +0 shortbow
 55153 | Elf:1    | Identified a +0 leather armour
 55154 | Elf:1    | Identified a +0 short sword
 55154 | Elf:1    | Noticed a deep elf demonologist
 55154 | Elf:1    | Identified a +0 short sword
 55154 | Elf:1    | Noticed a deep elf sorcerer
 55161 | Elf:1    | Identified a +0 short sword
 55161 | Elf:1    | Identified a +1 shortbow of flaming
 55163 | Elf:1    | Killed a deep elf sorcerer
 55164 | Elf:1    | Identified a +0 short sword
 55164 | Elf:1    | Identified a +0 longbow
 55164 | Elf:1    | Identified a cursed -2 leather armour
 55164 | Elf:1    | Identified a +0 dagger
 55164 | Elf:1    | Identified a +0 shortbow
 55164 | Elf:1    | Identified a +0 leather armour
 55169 | Elf:1    | Killed a deep elf demonologist
 55196 | Elf:1    | Identified a +0 giant spiked club
 55200 | Elf:1    | HP: 39/190 [deep elf archer/arrow[a deep elf high priest]
                  | (11)]
 55562 | Elf:1    | Identified a +1 scimitar of electrocution
 55569 | Elf:1    | Identified a +0 long sword
 55569 | Elf:1    | Identified a +0 leather armour
 55644 | Elf:1    | Identified a +0 long sword
 55694 | Elf:1    | Identified a +0 long sword
 55697 | Elf:1    | Identified a +0 trident
 56077 | Elf:2    | Identified a +0 dagger
 56121 | Elf:2    | Identified a +0 short sword
 56156 | Elf:2    | Found Ynnex's Book Shoppe.
 56178 | Elf:2    | Identified a +1 vampiric war axe
 56262 | Elf:2    | Identified a +3 antimagic eveningstar
 56262 | Elf:2    | Identified a +4 plate armour of cold resistance
 56262 | Elf:2    | Identified a +0 kite shield
 56262 | Elf:2    | Noticed Donald
 56270 | Elf:2    | Killed Donald
 56401 | Elf:2    | Identified a +0 short sword
 56401 | Elf:2    | Identified a +0 shortbow
 56401 | Elf:2    | Identified a +0 leather armour
 56401 | Elf:2    | Identified a +0 dagger of draining
 56401 | Elf:2    | Identified a +0 leather armour
 56401 | Elf:2    | Identified a +0 short sword
 56401 | Elf:2    | Identified a +0 rapier
 56401 | Elf:2    | Identified a +0 ring mail
 56412 | Elf:2    | Reached skill level 20 in Armour
 56455 | Elf:2    | Identified a +1 halberd of flaming
 56487 | Elf:2    | Identified a +0 war axe
 56487 | Elf:2    | Identified a +0 plate armour
 56487 | Elf:2    | Identified a cursed -1 trident
 56487 | Elf:2    | Identified a +0 plate armour
 56487 | Elf:2    | Identified a +0 halberd
 56487 | Elf:2    | Identified a +0 chain mail
 56487 | Elf:2    | Identified a +0 battleaxe
 56487 | Elf:2    | Identified a +0 chain mail
 56697 | Elf:2    | Found a runed translucent gate.
 56699 | Elf:2    | Found a runed translucent gate.
 56702 | Elf:2    | Found a runed translucent gate.
 56738 | Elf:2    | Identified a +0 short sword
 56738 | Elf:2    | Identified a +0 longbow
 56738 | Elf:2    | Identified a +0 leather armour
 56738 | Elf:2    | Identified a +0 dagger
 56738 | Elf:2    | Identified a +0 short sword
 56738 | Elf:2    | Identified a +0 long sword
 56739 | Elf:2    | Identified a +0 dagger
 56739 | Elf:2    | Identified a +0 shortbow
 56739 | Elf:2    | Identified a +0 leather armour
 56746 | Elf:2    | Reached skill level 3 in Dodging
 56971 | Elf:2    | Identified a +0 long sword
 57022 | Elf:2    | Identified a +0 long sword
 57022 | Elf:2    | Identified a cursed +0 leather armour
 57090 | Elf:2    | Identified a +2 scimitar of holy wrath
 57282 | Elf:2    | Identified a +0 short sword
 57282 | Elf:2    | Identified a +0 leather armour
 57282 | Elf:2    | Identified a +0 long sword
 57282 | Elf:2    | Identified a +0 scale mail
 57287 | Elf:2    | Identified a +0 rapier
 57287 | Elf:2    | Identified a +0 ring mail
 57298 | Elf:2    | Received a gift from Trog
 57321 | Elf:2    | Identified a +1 halberd of freezing
 57321 | Elf:2    | Identified a +0 long sword
 57321 | Elf:2    | Identified a +0 leather armour
 57332 | Elf:2    | Identified a +0 vampiric war axe
 57359 | Elf:2    | Identified a +2 trident of protection
 57411 | Elf:2    | Identified a cursed +0 long sword
 57411 | Elf:2    | Identified a +0 leather armour
 57411 | Elf:2    | Identified a +4 double sword of draining
 57413 | Elf:2    | Identified a +5 mace of draining
 57424 | Elf:2    | Reached skill level 4 in Dodging
 57424 | Elf:2    | Identified a +0 long sword
 57447 | Elf:2    | Identified a +0 long sword
 57447 | Elf:2    | Identified a +0 leather armour
 57468 | Elf:2    | Identified a +1 vorpal long sword
 57468 | Elf:2    | Identified a +0 leather armour
 57468 | Elf:2    | Identified a cursed +0 long sword
 57468 | Elf:2    | Identified a +0 leather armour
 57487 | Elf:2    | Identified a +2 vampiric glaive
 57506 | Elf:2    | Identified a +0 dagger
 57506 | Elf:2    | Identified a +0 scale mail
 57512 | Elf:2    | Identified a +6 eveningstar of holy wrath
 57516 | Elf:2    | Identified a cursed -2 rapier
 57516 | Elf:2    | Identified a +1 trident of protection
 57517 | Elf:2    | Identified a +2 dire flail of pain
 57518 | Elf:2    | Identified a +0 longbow of flaming
 57519 | Elf:2    | Identified a +3 halberd of venom
 57519 | Elf:2    | Identified a +1 short sword of holy wrath
 57519 | Elf:2    | Identified a +0 buckler
 57521 | Elf:2    | Identified a +2 vorpal battleaxe
 57521 | Elf:2    | Identified a +5 dire flail of protection
 57536 | Elf:2    | HP: 44/191 [+3 halberd of venom (7)]
 57541 | Elf:2    | HP: 35/191 [poisoned by a +3 halberd of venom]
 57546 | Elf:2    | HP: 27/191 [poisoned by a +3 halberd of venom]
 58143 | Elf:3    | Entered Level 3 of the Elven Halls
 58143 | Elf:3    | Identified a +0 dagger
 58143 | Elf:3    | Identified a +0 shortbow
 58143 | Elf:3    | Identified a +0 leather armour
 58148 | Elf:3    | Identified a +0 scimitar
 58225 | Elf:3    | Identified a +0 rapier
 58225 | Elf:3    | Identified a +0 leather armour
 58261 | Elf:3    | Reached skill level 5 in Dodging
 58326 | Elf:3    | Identified a +0 dagger
 58428 | Elf:3    | Found Yveaf's Magic Scroll Boutique.
 58436 | Elf:3    | Identified a +0 short sword
 58438 | Elf:3    | Identified a +3 antimagic long sword
 58438 | Elf:3    | Identified a +1 trident of flaming
 58440 | Elf:3    | Reached skill level 22 in Fighting
 58490 | Elf:3    | Identified a +0 short sword
 58493 | Elf:3    | Identified a +0 long sword
 58494 | Elf:3    | Identified a +0 short sword
 58494 | Elf:3    | Identified a +0 leather armour
 58502 | Elf:3    | Identified a +0 long sword
 58504 | Elf:3    | Identified a +0 scimitar
 58504 | Elf:3    | Identified a +0 longbow
 58591 | Elf:3    | Found Ulexaatzats's Magic Scroll Emporium.
 58745 | Elf:3    | Identified a cursed -2 long sword
 58745 | Elf:3    | Identified a +3 ring mail
 58745 | Elf:3    | Identified a +0 long sword
 58745 | Elf:3    | Identified a +0 chain mail
 58746 | Elf:3    | Identified a +0 long sword
 58757 | Elf:3    | Received a gift from Trog
 58814 | Elf:3    | Identified a +0 short sword
 58820 | Elf:3    | Identified a cursed -2 rapier
 58820 | Elf:3    | Noticed a deep elf demonologist
 58820 | Elf:3    | Identified a +0 long sword
 58820 | Elf:3    | Identified a +0 leather armour
 58830 | Elf:3    | Identified a +0 long sword
 58830 | Elf:3    | Noticed a deep elf demonologist
 58835 | Elf:3    | Identified a +0 short sword
 58835 | Elf:3    | Identified a +0 short sword
 58835 | Elf:3    | Noticed a deep elf demonologist
 58838 | Elf:3    | Identified a +0 short sword
 58839 | Elf:3    | Noticed an Ice Fiend
 58839 | Elf:3    | Killed a deep elf demonologist
 58840 | Elf:3    | Identified a +0 short sword
 58840 | Elf:3    | Identified a +0 chain mail
 58841 | Elf:3    | Killed a deep elf demonologist
 58841 | Elf:3    | Reached XP level 20. HP: 185/200 MP: 19/19
 58849 | Elf:3    | Killed a deep elf demonologist
 58865 | Elf:3    | Identified a +0 rapier
 58865 | Elf:3    | Identified a +0 chain mail
 58865 | Elf:3    | Noticed a deep elf sorcerer
 58865 | Elf:3    | Identified a +0 rapier
 58865 | Elf:3    | Noticed a deep elf sorcerer
 58866 | Elf:3    | Reached skill level 6 in Dodging
 58867 | Elf:3    | Identified a +0 long sword
 58867 | Elf:3    | Identified a +0 ring mail
 58879 | Elf:3    | Killed a deep elf sorcerer
 58885 | Elf:3    | Killed a deep elf sorcerer
 58887 | Elf:3    | Identified a +0 longbow
 58887 | Elf:3    | Identified a +3 leather armour
 58896 | Elf:3    | Identified a +0 dagger
 58896 | Elf:3    | Noticed a deep elf demonologist
 58899 | Elf:3    | Gained mutation: You are resistant to electric shocks.
                  | (rElec) [a cacodemon]
 59273 | Elf:3    | Identified a +2 rapier of freezing
 59273 | Elf:3    | Identified a +0 leather armour
 59283 | Elf:3    | Identified a +2 rapier of venom
 59283 | Elf:3    | Noticed a deep elf demonologist
 59285 | Elf:3    | Identified a +0 rapier
 59285 | Elf:3    | Identified a +0 ring mail
 59295 | Elf:3    | Killed a deep elf demonologist
 59299 | Elf:3    | Noticed a Brimstone Fiend
 59305 | Elf:3    | Identified a +2 demon trident of electrocution
 59307 | Elf:3    | Killed a deep elf demonologist
 59329 | Elf:3    | Identified a +0 rapier
 59472 | Elf:3    | Identified a +0 rapier
 59472 | Elf:3    | Identified a +0 rapier
 59472 | Elf:3    | Identified a +0 leather armour
 59500 | Elf:3    | Identified a +2 scimitar of draining
 59500 | Elf:3    | Identified a +3 leather armour of cold resistance
 59500 | Elf:3    | Noticed a deep elf demonologist
 59509 | Elf:3    | Identified a +0 longbow
 59509 | Elf:3    | Identified a +0 plate armour
 59514 | Elf:3    | Killed a deep elf demonologist
 59514 | Elf:3    | Reached skill level 7 in Dodging
 59612 | Elf:3    | Identified a +0 short sword
 59612 | Elf:3    | Identified a +0 ring mail
 59612 | Elf:3    | Noticed a deep elf sorcerer
 59613 | Elf:3    | Identified a +2 dagger of flaming
 59613 | Elf:3    | Identified a +0 leather armour
 59613 | Elf:3    | Noticed a deep elf demonologist
 59615 | Elf:3    | Identified a +2 vampiric demon whip
 59621 | Elf:3    | Killed a deep elf sorcerer
 59626 | Elf:3    | Killed a deep elf demonologist
 59631 | Elf:3    | Identified a +0 short sword
 59859 | Elf:3    | Identified a +0 rapier
 59859 | Elf:3    | Identified a +0 rapier
 59859 | Elf:3    | Identified the +4 scale mail of the Game of Life {rF+
                  | Dex+2}
 59867 | Elf:3    | Identified a +0 long sword
 59867 | Elf:3    | Identified a +0 leather armour
 59867 | Elf:3    | Identified an uncursed ring of magical power
 59875 | Elf:3    | Received a gift from Trog
 60019 | Elf:3    | Identified a +4 battleaxe of freezing
 60019 | Elf:3    | Identified a +0 ring mail
 60052 | Elf:3    | Got a warped plate armour
 60108 | Elf:3    | Identified the +7 plate armour of Lethargy {rF+} (You found
                  | it on level 3 of the Elven Halls)
 60141 | Elf:3    | Identified the Guide on the Glacial Entourage
 60485 | Lair:2   | Identified +0 swamp dragon scales
 60945 | Lair:5   | Found a staircase to the Slime Pits.
 60956 | Lair:5   | Reached skill level 21 in Armour
 61119 | Slime:1  | Entered Level 1 of the Pits of Slime
 61143 | Slime:1  | Reached skill level 8 in Dodging
 61437 | Slime:2  | HP: 31/202 [acid blob (23)]
 61440 | Slime:2  | HP: 15/202 [acid (1)]
 61447 | Slime:2  | Gained mutation: You are dopey. (Int -2) [a shining eye]
 61450 | Slime:2  | Gained mutation: You are frail. (-10% HP) [a shining eye]
 61877 | Slime:2  | Gained mutation: You occasionally shout uncontrollably at
                  | your foes. [a shining eye]
 61897 | Slime:3  | You fall into a shaft and drop 1 floor!
 61971 | Slime:4  | Received a gift from Trog
 61975 | Slime:4  | Identified a +2 vorpal executioner's axe (Trog gifted it to
                  | you on level 4 of the Pits of Slime)
 62026 | Slime:3  | Gained mutation: Your body sometimes deteriorates upon
                  | taking damage. [a shining eye]
 62028 | Slime:3  | Gained mutation: Scrolls take you a little longer to read.
                  | [a shining eye]
 62031 | Slime:3  | Gained mutation: You are very dopey. (Int -4) [a shining
                  | eye]
 62093 | Slime:4  | Reached skill level 9 in Dodging
 62123 | Slime:4  | Identified the amulet "Xeef" {Faith -Tele Str+4 Dex+4
                  | Slay+5} (You acquired it on level 4 of the Pits of Slime)
 62123 | Slime:4  | Identified the +3 kite shield of the Gusle {rElec} (You
                  | acquired it on level 4 of the Pits of Slime)
 62491 | Slime:5  | Entered Level 5 of the Pits of Slime
 62516 | Slime:5  | Noticed the Royal Jelly
 62518 | Slime:5  | Gained mutation: Scrolls take you longer to read. [a
                  | shining eye]
 62520 | Slime:5  | Identified a +3 dire flail
 62520 | Slime:5  | Identified a +0 giant spiked club
 62523 | Slime:5  | Killed the Royal Jelly
 62523 | Slime:5  | Reached skill level 23 in Fighting
 62524 | Slime:5  | Lost intelligence.
 62525 | Slime:5  | HP: 39/182 [acid blob[the Royal Jelly] (12)]
 62526 | Slime:5  | HP: 18/182 [acid[the Royal Jelly] (5)]
 62526 | Slime:5  | HP: 8/181 [acid blob[the Royal Jelly] (7)]
 62526 | Slime:5  | HP: 2/181 [acid blob/splash of acid[the Royal Jelly] (2)]
 62526 | Slime:5  | Splashed by an acid blob's acid

Table legend:
 A = Turns spent in this place as a percentage of turns spent in the entire game.
 B = Non-inter-level travel turns spent in this place as a percentage of non-inter-level travel turns spent in the entire game.
 C = Inter-level travel turns spent in this place as a percentage of turns spent in this place.
 D = Turns resting spent in this place as a percentage of non-inter-level travel turns spent in this place.
 E = Turns spent auto-exploring this place as a percentage of non-inter-level travel turns spent in this place.
 F = Non-inter-level travel turns spent in this place divided by the number of levels of this place that you've seen.
                   A       B       C       D       E      F
               +-------+-------+-------+-------+-------+----------------------
         Total | 100.0 | 100.0 |   5.5 |  46.0 |  36.3 | 1407.2
       Dungeon |  35.9 |  35.0 |   7.9 |  39.7 |  43.4 | 1377.9
          Lair |  17.8 |  17.4 |   7.9 |  40.9 |  45.0 | 1709.3
         Swamp |  10.3 |  10.7 |   2.3 |  46.8 |  37.9 | 1578.0
     Snake Pit |  13.6 |  14.1 |   2.0 |  58.9 |  24.7 | 2087.5
    Slime Pits |   2.3 |   2.3 |   1.4 |  46.6 |  24.9 | 277.6
  Orcish Mines |   7.7 |   7.8 |   3.6 |  57.9 |  20.9 | 2311.0
   Elven Halls |   9.9 |  10.0 |   4.4 |  52.2 |  26.5 | 1968.3
        Vaults |   0.1 |   0.1 |   0.0 |  19.3 |  23.9 |  88.0
       Ossuary |   0.8 |   0.8 |   0.0 |  35.3 |  31.2 | 496.0
      Gauntlet |   1.6 |   1.7 |   0.0 |  28.2 |  32.5 | 1016.0
               +-------+-------+-------+-------+-------+----------------------

Table legend:
 A = Kills in this place as a percentage of kills in entire the game.
 B = Kills by you in this place as a percentage of kills by you in the entire game.
 C = Kills by friends in this place as a percentage of kills by friends in the entire game.
 D = Other kills in this place as a percentage of other kills in the entire game.
 E = Experience gained in this place as a percentage of experience gained in the entire game.
 F = Experience gained in this place divided by the number of levels of this place that you have seen.
                   A       B       C       D       E      F
               +-------+-------+-------+-------+-------+----------------------
         Total | 100.0 | 100.0 | 100.0 | 100.0 | 100.0 | 13480.7
       Dungeon |  35.1 |  35.0 |   0.0 | 100.0 |  15.4 | 5794.2
          Lair |  14.6 |  14.6 |   0.0 |   0.0 |  10.9 | 10291.5
         Swamp |  10.0 |  10.0 |   0.0 |   0.0 |  14.0 | 19844.2
     Snake Pit |  13.9 |  13.9 |   0.0 |   0.0 |  24.2 | 34245.2
    Slime Pits |   4.3 |   4.3 | 100.0 |   0.0 |   9.0 | 10235.8
  Orcish Mines |   9.1 |   9.2 |   0.0 |   0.0 |   3.8 | 10684.0
   Elven Halls |   8.6 |   8.6 |   0.0 |   0.0 |  20.5 | 38645.3
        Vaults |   0.5 |   0.5 |   0.0 |   0.0 |   1.2 | 7019.0
       Ossuary |   2.5 |   2.5 |   0.0 |   0.0 |   0.0 | 277.0
      Gauntlet |   1.3 |   1.3 |   0.0 |   0.0 |   1.0 | 5392.0
               +-------+-------+-------+-------+-------+----------------------

Skill      XL: |  1  2  3  4  5  6  7  8  9 10 11 12 13 14 15 16 17 18 19 20 |
---------------+-------------------------------------------------------------+-----
Axes           | 4 5 6 7 8 9 11 13 15 17 18 20 21 23 26 | 26.0
Fighting       | 4 5 6 7 8 10 11 12 14 15 16 18 20 22 23 | 23.0
Armour         | 5 8 10 12 13 14 16 18 20 21 | 21.5
Dodging        | 5 9 |  9.5

Action                   |  1- 3 |  4- 6 |  7- 9 | 10-12 | 13-15 | 16-18 | 19-21 || total
-------------------------+-------+-------+-------+-------+-------+-------+-------++-------
Melee: Hand axe          |    57 |   158 |   301 |       |       |       |       ||   516
       Headbutt          |     4 |    27 |    66 |    80 |   211 |   232 |   132 ||   752
       War axe           |       |       |    59 |   542 |   665 |       |       ||  1266
       Battleaxe         |       |       |       |     2 |    37 |       |       ||    39
       Executioner's axe |       |       |       |       |   356 |  1096 |   606 ||  2058
Throw: Stone             |    24 |       |       |       |       |       |       ||    24
       Dart              |    15 |   146 |   107 |   240 |   568 |    54 |       ||  1130
       Javelin           |       |       |    75 |       |   193 |       |       ||   268
Invok: Berserk           |       |       |     2 |     8 |     7 |     3 |     1 ||    21
       Trog's Hand       |       |       |       |       |     2 |     4 |     2 ||     8
       Brothers in Arms  |       |       |       |       |       |     1 |     2 ||     3
Evoke: Wand              |       |       |       |       |       |       |     1 ||     1
  Use: Scroll            |       |     4 |     2 |    16 |     8 |    10 |     5 ||    45
       Potion            |       |       |       |       |     1 |     7 |     4 ||    12
 Stab: Distracted        |       |       |       |       |     1 |       |       ||     1
  Eat: Chunk             |     1 |     9 |    13 |    22 |    74 |    37 |    26 ||   182
       Ration            |       |       |     1 |     4 |     1 |     4 |     2 ||    12
Armor: Animal skin       |     5 |       |       |       |       |       |       ||     5
       Ring mail         |     5 |       |       |       |       |       |       ||     5
       Scale mail        |     6 |    49 |    46 |       |       |       |       ||   101
       Plate armour      |       |       |   103 |    59 |   193 |   865 |   394 ||  1614
       Chain mail        |       |       |       |   267 |   440 |       |       ||   707
       Skin              |       |       |       |     1 |       |       |       ||     1
Dodge: Dodged            |    27 |    64 |   100 |   188 |   314 |   378 |   169 ||  1240

Vanquished Creatures
  the Royal Jelly (Slime:5)
  the Lernaean hydra (Swamp:4)
  Vashnia (Snake:3)
  Bai Suzhen (Snake:4)
  Nikola (Snake:3)
  The ghost of Saephueh the Warrior, an adept FoFi of Gozag (Swamp:3)
  2 deep elf blademasters (Elf:3)
  2 deep elf master archers (Elf:3)
  6 acid blobs
  Kirke (Swamp:3)
  A sphinx (Vaults:1)
  Donald (Elf:2)
  Roxanne (Swamp:3)
  2 thorn hunters (Swamp:2)
  4 azure jellies (Slime:1)
  15 nagarajas
  5 deep elf sorcerers
  Aizul (Swamp:3)
  5 deep elf elementalists (Elf:3)
  Louise (Swamp:1)
  A very ugly thing (Swamp:1)
  2 entropy weavers (Lair:4)
  8 deep elf demonologists
  2 deep elf annihilators (Elf:3)
  A minotaur (Gauntlet)
  6 deep elf death magi (Elf:3)
  A death ooze (Slime:5)
  3 great orbs of eyes
  2 fire dragons (Lair:6)
  4 deep elf high priests
  A rakshasa (D:13)
  An ice dragon (Vaults:1)
  20 hydras
  2 yaktaur captains
  22 naga warriors
  A ghost crab (Swamp:2)
  6 anacondas
  2 shambling mangroves (Swamp:2)
  7 centaur warriors
  9 alligators
  3 ogre magi
  9 two-headed ogres
  A queen ant (Lair:3)
  20 dancing weapons
  2 death knights
  6 death yaks (Lair:6)
  A hell hog (Gauntlet)
  6 orc high priests
  17 naga sharpshooters
  5 spriggans
  18 deep elf knights
  Nergalle (D:12)
  10 shock serpents
  2 skeletal warriors
  3 unseen horrors
  A sixfirhy (Gauntlet)
  A deep troll (D:13)
  A shadow wraith (D:13)
  19 swamp dragons
  An unseen horror (shapeshifter) (Elf:2)
  7 naga ritualists
  6 deep elf archers
  8 orc knights
  A harpy (shapeshifter) (D:15)
  A necromancer (D:13)
  A wizard (Vaults:1)
  A phantasmal warrior (D:13)
  9 salamanders
  50 deep elf magi
  A mana viper (Snake:3)
  A lindwurm (Lair:6)
  2 shining eyes
  7 oklob plants
  7 manticores
  2 orc sorcerers
  8 cyclopes
  3 centaur zombies
  20 ugly things
  6 guardian serpents
  16 naga magi
  5 torpor snails (Lair:6)
  35 black mambas
  3 eyes of devastation
  6 spiny frogs
  A gargoyle (D:11)
  A yaktaur (shapeshifter) (D:14)
  2 ice devils (Orc:1)
  4 rime drakes
  A minotaur zombie (Gauntlet)
  A small abomination (Elf:3)
  A freezing wraith (D:15)
  8 komodo dragons
  6 trolls
  17 hornets
  3 polar bears
  14 tyrant leeches
  12 hippogriffs
  13 blink frogs
  4 bog bodies
  A meliai zombie (D:12)
  A raiju (shapeshifter) (Vaults:1)
  57 slime creatures
  13 dream sheep
  3 shadows
  5 wyverns
  A vampire (D:14)
  An air elemental (Elf:1)
  9 water elementals
  2 wraiths
  Eustachio (D:6)
  4 fire elementals
  53 yaks
  2 hogs (Swamp:3)
  2 hungry ghosts
  4 fire bats (Gauntlet)
  6 golden eyes
  5 basilisks
  2 steam dragons (Lair:6)
  33 vampire mosquitoes
  Grum (D:11)
  8 insubstantial wisps
  12 swamp worms
  73 nagas
  A warg (Orc:1)
  3 acid dragons
  2 hell hounds (Gauntlet)
  31 soldier ants
  10 porcupines
  5 ice beasts
  14 swamp drakes
  47 orc warriors
  10 water moccasins
  5 sky beasts
  21 ogres
  7 phantoms
  A black bear (D:13)
  5 eyes of draining
  24 wolves
  A boggart (D:12)
  32 centaurs
  10 crocodiles
  A big kobold (D:12)
  An elf zombie (Ossuary)
  12 bullfrogs
  A gnoll sergeant (D:8)
  2 earth elementals
  A wyvern zombie (D:11)
  A water moccasin zombie (D:6)
  2 wyvern skeletons
  7 killer bees
  6 scorpions
  2 howler monkeys
  16 wights
  7 electric eels (D:14)
  6 crimson imps
  2 bullfrog zombies
  A quasit (D:11)
  2 human zombies (Ossuary)
  10 hounds
  6 jellies
  40 orc priests
  A bullfrog skeleton (D:12)
  19 orc wizards
  5 centaur skeletons
  Natasha (thrice) (D:2)
  6 iguanas
  29 worker ants
  A killer bee zombie (D:8)
  A big kobold zombie (Ossuary)
  A bullfrog simulacrum (D:12)
  A hound zombie (D:6)
  2 mummies (Ossuary)
  A worker ant zombie (D:4)
  13 gnolls
  12 adders
  5 shadow imps
  4 ufetubi (Gauntlet)
  2 oozes
  2 adder zombies
  An adder skeleton (D:9)
  4 worms
  3 dart slugs
  4 leopard geckos
  97 orcs
  4 bats
  7 giant cockroaches
  4 goblins
  7 hobgoblins
  13 jackals
  5 quokkas
  A ball python (D:1)
  A ball python zombie (D:4)
  3 frilled lizards
  2 goblin zombies (Ossuary)
  12 hobgoblin zombies (Ossuary)
  A jackal skeleton (D:4)
  A jackal zombie (D:4)
  13 kobolds
  6 kobold zombies (Ossuary)
  A leopard gecko skeleton (D:4)
  A leopard gecko zombie (D:4)
  9 orc zombies (Ossuary)
  4 quokka skeletons (D:4)
  A quokka zombie (D:4)
  7 rats
  3 rat zombies (Ossuary)
  8 briar patches (Swamp:2)
  5 fungi
  9 plants
1574 creatures vanquished.

Vanquished Creatures (collateral kills)
  An eye of draining (Slime:5)
1 creature vanquished.

Vanquished Creatures (others)
  An unseen horror (D:12)
  A spriggan (Swamp:4)
  10 fungi
  27 plants
  11 withered plants (Gauntlet)
50 creatures vanquished.

Grand Total: 1625 creatures vanquished
